Workbook

Sheet MAESTRO
A1: N° | B1: PRECEDENCIA | C1: FUENTE | D1: TRATAMIENTO | E1: TRIBUNA | F1: NOMBRE COMPLETO | G1: NOMBRE | H1: APE. P. | I1: APE. M. | J1: AST. | K1: CARGO | L1: OBSERVACIONES | M1: TRIBUNA BASE | N1: DISTRIBUYE | O1: SEMAFORO
A2: =ROW()-1 -> 1 | B2: =ROW()-1 -> 1 | C2: OPA | D2: Su Excelencia | E2: =IF($J2="NO","",IF($M2="","",$M2)) -> VIP | F2: Kast Rist, José Antonio | G2: José Antonio | H2: Kast | I2: Rist | J2: SI | K2: * Presidente de la República | M2: VIP | N2: =IF($J2="NO","NO","SI") -> SI | O2: =IF($J2="SI","🟢",IF($J2="NO","🔴","🟡")) -> 🟢
A3: =ROW()-1 -> 2 | B3: =ROW()-1 -> 2 | C3: OPA | D3: Primera Dama | E3: =IF($J3="NO","",IF($M3="","",$M3)) -> VIP | F3: Adriasola Barroihet, María Pía | G3: María Pía | H3: Adriasola | I3: Barroihet | J3: PENDIENTE | K3: Esposa del Presidente de la República | M3: VIP | N3: =IF($J3="NO","NO","SI") -> SI | O3: =IF($J3="SI","🟢",IF($J3="NO","🔴","🟡")) -> 🟡
A4: =ROW()-1 -> 3 | B4: =ROW()-1 -> 3 | C4: OPA | D4: Ministro | E4: =IF($J4="NO","",IF($M4="","",$M4)) -> VIP | F4: Barros Tocornal, Fernando | G4: Fernando | H4: Barros | I4: Tocornal | J4: SI | K4: *Ministro de Defensa Nacional | M4: VIP | N4: =IF($J4="NO","NO","SI") -> SI | O4: =IF($J4="SI","🟢",IF($J4="NO","🔴","🟡")) -> 🟢
A5: =ROW()-1 -> 4 | B5: =ROW()-1 -> 4 | C5: OPA | D5: Almirante | E5: =IF($J5="NO","",IF($M5="","",$M5)) -> VIP | F5: Cabrera Salazar, Fernando | G5: Fernando | H5: Cabrera | I5: Salazar | J5: SI | K5: *Comandante en Jefe de la Armada | M5: VIP | N5: =IF($J5="NO","NO","SI") -> SI | O5: =IF($J5="SI","🟢",IF($J5="NO","🔴","🟡")) -> 🟢
A6: =ROW()-1 -> 5 | B6: =ROW()-1 -> 5 | C6: OPA | D6: Señora | E6: =IF($J6="NO","",IF($M6="","",$M6)) -> VIP | F6: Mery, Roxana | G6: Roxana | H6: Mery | I6: Casella | J6: SI | K6: Esposa del Comandante en Jefe de la Armada | M6: VIP | N6: =IF($J6="NO","NO","SI") -> SI | O6: =IF($J6="SI","🟢",IF($J6="NO","🔴","🟡")) -> 🟢
A7: =ROW()-1 -> 6 | B7: =ROW()-1 -> 6 | C7: OPA | D7: Señora | E7: =IF($J7="NO","",IF($M7="","",$M7)) -> VIP | F7: Morel Montes, María Cecilia | G7: María Cecilia | H7: Morel | I7: Montes | J7: PENDIENTE | K7: Ex - Primera Dama | M7: VIP | N7: =IF($J7="NO","NO","SI") -> SI | O7: =IF($J7="SI","🟢",IF($J7="NO","🔴","🟡")) -> 🟡
A8: =ROW()-1 -> 7 | B8: =ROW()-1 -> 7 | C8: OPA | D8: Honorable Senador | E8: =IF($J8="NO","",IF($M8="","",$M8)) | F8: Núñez Urrutia, Paulina | G8: Paulina | H8: Núñez | I8: Urrutia | J8: NO | K8: Presidenta del Senado | M8: VIP | N8: =IF($J8="NO","NO","SI") -> NO | O8: =IF($J8="SI","🟢",IF($J8="NO","🔴","🟡")) -> 🔴
A9: =ROW()-1 -> 8 | B9: =ROW()-1 -> 8 | C9: OPA | D9: Honorable Diputado | E9: =IF($J9="NO","",IF($M9="","",$M9)) | F9: Alessandri Vergara, Jorge | G9: Jorge | H9: Alessandri | I9: Vergara | J9: NO | K9: Presidente de la Cámara de Diputados | M9: VIP | N9: =IF($J9="NO","NO","SI") -> NO | O9: =IF($J9="SI","🟢",IF($J9="NO","🔴","🟡")) -> 🔴
A10: =ROW()-1 -> 9 | B10: =ROW()-1 -> 9 | C10: OPA | D10: Su Excelencia | E10: =IF($J10="NO","",IF($M10="","",$M10)) -> VIP | F10: Boric Font, Gabriel | G10: Gabriel | H10: Boric | I10: Font | J10: PENDIENTE | K10: Ex Presidente de la República | M10: VIP | N10: =IF($J10="NO","NO","SI") -> SI | O10: =IF($J10="SI","🟢",IF($J10="NO","🔴","🟡")) -> 🟡
A11: =ROW()-1 -> 10 | B11: =ROW()-1 -> 10 | C11: OPA | E11: =IF($J11="NO","",IF($M11="","",$M11)) -> VIP | F11: Bachelet Jeria, Michelle | G11: Michelle | H11: Bachelet | I11: Jeria | J11: PENDIENTE | K11: Ex Presidenta de la República | M11: VIP | N11: =IF($J11="NO","NO","SI") -> SI | O11: =IF($J11="SI","🟢",IF($J11="NO","🔴","🟡")) -> 🟡
A12: =ROW()-1 -> 11 | B12: =ROW()-1 -> 11 | C12: OPA | D12: Su Excelencia | E12: =IF($J12="NO","",IF($M12="","",$M12)) -> VIP | F12: Lagos Escobar, Ricardo | G12: Ricardo | H12: Lagos | I12: Escobar | J12: PENDIENTE | K12: Ex Presidente de la República | M12: VIP | N12: =IF($J12="NO","NO","SI") -> SI | O12: =IF($J12="SI","🟢",IF($J12="NO","🔴","🟡")) -> 🟡
A13: =ROW()-1 -> 12 | B13: =ROW()-1 -> 12 | C13: OPA | D13: Su Excelencia | E13: =IF($J13="NO","",IF($M13="","",$M13)) -> VIP | F13: Frei Ruiz-tagle, Eduardo | G13: Eduardo | H13: Frei | I13: Ruiz-tagle | J13: PENDIENTE | K13: Ex Presidente de la República | M13: VIP | N13: =IF($J13="NO","NO","SI") -> SI | O13: =IF($J13="SI","🟢",IF($J13="NO","🔴","🟡")) -> 🟡
A14: =ROW()-1 -> 13 | B14: =ROW()-1 -> 13 | C14: OPA | D14: Presidente | E14: =IF($J14="NO","",IF($M14="","",$M14)) | F14: Marzi Muñoz, Daniela | G14: Daniela | H14: Marzi | I14: Muñoz | J14: NO | K14: Presidente del Tribunal Constitucional | M14: VIP | N14: =IF($J14="NO","NO","SI") -> NO | O14: =IF($J14="SI","🟢",IF($J14="NO","🔴","🟡")) -> 🔴
A15: =ROW()-1 -> 14 | B15: =ROW()-1 -> 14 | C15: OPA | D15: Contralora | E15: =IF($J15="NO","",IF($M15="","",$M15)) | F15: Pérez Gutiérrez, Dorothy | G15: Dorothy | H15: Pérez | I15: Gutiérrez | J15: NO | K15: Contralora General de la República | M15: VIP | N15: =IF($J15="NO","NO","SI") -> NO | O15: =IF($J15="SI","🟢",IF($J15="NO","🔴","🟡")) -> 🔴
A16: =ROW()-1 -> 15 | B16: =ROW()-1 -> 15 | C16: OPA | D16: Fiscal | E16: =IF($J16="NO","",IF($M16="","",$M16)) -> VIP | F16: Valencia Vásquez, Ángel | G16: Ángel | H16: Valencia | I16: Vásquez | J16: PENDIENTE | K16: Fiscal Nacional del Ministerio Público | M16: VIP | N16: =IF($J16="NO","NO","SI") -> SI | O16: =IF($J16="SI","🟢",IF($J16="NO","🔴","🟡")) -> 🟡
A17: =ROW()-1 -> 16 | B17: =ROW()-1 -> 16 | C17: OPA | D17: Ministro | E17: =IF($J17="NO","",IF($M17="","",$M17)) -> VIP | F17: Alvarado Andrade, Claudio | G17: Claudio | H17: Alvarado | I17: Andrade | J17: PENDIENTE | K17: Biministro del Interior y Secretario General de Gobierno | M17: VIP | N17: =IF($J17="NO","NO","SI") -> SI | O17: =IF($J17="SI","🟢",IF($J17="NO","🔴","🟡")) -> 🟡
A18: =ROW()-1 -> 17 | B18: =ROW()-1 -> 17 | C18: OPA | D18: Ministro | E18: =IF($J18="NO","",IF($M18="","",$M18)) | F18: Pérez Mackenna, Francisco | G18: Francisco | H18: Pérez | I18: Mackenna | J18: NO | K18: Ministro de Relaciones Exteriores | M18: VIP | N18: =IF($J18="NO","NO","SI") -> NO | O18: =IF($J18="SI","🟢",IF($J18="NO","🔴","🟡")) -> 🔴
A19: =ROW()-1 -> 18 | B19: =ROW()-1 -> 18 | C19: OPA | D19: Ministro | E19: =IF($J19="NO","",IF($M19="","",$M19)) | F19: Quiroz Castro, Jorge | G19: Jorge | H19: Quiroz | I19: Castro | J19: NO | K19: Ministro de Hacienda | M19: VIP | N19: =IF($J19="NO","NO","SI") -> NO | O19: =IF($J19="SI","🟢",IF($J19="NO","🔴","🟡")) -> 🔴
A20: =ROW()-1 -> 19 | B20: =ROW()-1 -> 19 | C20: OPA | D20: Ministro | E20: =IF($J20="NO","",IF($M20="","",$M20)) | F20: Mas Valdés, Daniel | G20: Daniel | H20: Mas | I20: Valdés | J20: NO | K20: Biministro de Minería, Economía y Turismo | M20: VIP | N20: =IF($J20="NO","NO","SI") -> NO | O20: =IF($J20="SI","🟢",IF($J20="NO","🔴","🟡")) -> 🔴
A21: =ROW()-1 -> 20 | B21: =ROW()-1 -> 20 | C21: OPA | D21: Ministro | E21: =IF($J21="NO","",IF($M21="","",$M21)) | F21: Arzola González, María Paz | G21: María Paz | H21: Arzola | I21: González | J21: NO | K21: Ministra de Educación | M21: VIP | N21: =IF($J21="NO","NO","SI") -> NO | O21: =IF($J21="SI","🟢",IF($J21="NO","🔴","🟡")) -> 🔴
A22: =ROW()-1 -> 21 | B22: =ROW()-1 -> 21 | C22: OPA | D22: Ministro | E22: =IF($J22="NO","",IF($M22="","",$M22)) | F22: De Grange Concha, Louis | G22: Louis | H22: De Grange | I22: Concha | J22: NO | K22: Biministro de Obras Publicas, Transporte y Telecomunicaciones | M22: VIP | N22: =IF($J22="NO","NO","SI") -> NO | O22: =IF($J22="SI","🟢",IF($J22="NO","🔴","🟡")) -> 🔴
A23: =ROW()-1 -> 22 | B23: =ROW()-1 -> 22 | C23: OPA | D23: Ministro | E23: =IF($J23="NO","",IF($M23="","",$M23)) -> VIP | F23: Parot Donoso, Catalina | G23: Catalina | H23: Parot | I23: Donoso | J23: PENDIENTE | K23: Ministra de Bienes Nacionales | M23: VIP | N23: =IF($J23="NO","NO","SI") -> SI | O23: =IF($J23="SI","🟢",IF($J23="NO","🔴","🟡")) -> 🟡
... A30: =ROW()-1 -> 29 | B30: =ROW()-1 -> 29 | C30: OPA | D30: Ministro | E30: =IF($J30="NO","",IF($M30="","",$M30)) -> VIP | F30: Delpiano Puelma, Adriana | G30: Adriana | H30: Delpiano | I30: Puelma | J30: PENDIENTE | K30: Ex Ministra de Defensa Nacional | M30: VIP | N30: =IF($J30="NO","NO","SI") -> SI | O30: =IF($J30="SI","🟢",IF($J30="NO","🔴","🟡")) -> 🟡
A31: =ROW()-1 -> 30 | B31: =ROW()-1 -> 30 | C31: OPA | D31: Excelentísima | E31: =IF($J31="NO","",IF($M31="","",$M31)) | F31: El Ghali, Kenza | G31: Kenza | H31: El Ghali | J31: NO | K31: Embajador de Marruecos | M31: VIP | N31: =IF($J31="NO","NO","SI") -> NO | O31: =IF($J31="SI","🟢",IF($J31="NO","🔴","🟡")) -> 🔴
A32: =ROW()-1 -> 31 | B32: =ROW()-1 -> 31 | C32: OPA | D32: Excelentísima | E32: =IF($J32="NO","",IF($M32="","",$M32)) -> VIP | F32: Soares Pacheco, Paulo | G32: Paulo | H32: Soares | I32: Pacheco | J32: PENDIENTE | K32: Embajador de Brasil en Chile | M32: VIP | N32: =IF($J32="NO","NO","SI") -> SI | O32: =IF($J32="SI","🟢",IF($J32="NO","🔴","🟡")) -> 🟡
A33: =ROW()-1 -> 32 | B33: =ROW()-1 -> 32 | C33: OPA | D33: Excelentísima | E33: =IF($J33="NO","",IF($M33="","",$M33)) -> VIP | F33: Qingbao, Niu | G33: Niu | H33: Qingbao | J33: PENDIENTE | K33: Embajador de la República Popular China en Chile | M33: VIP | N33: =IF($J33="NO","NO","SI") -> SI | O33: =IF($J33="SI","🟢",IF($J33="NO","🔴","🟡")) -> 🟡
A34: =ROW()-1 -> 33 | B34: =ROW()-1 -> 33 | C34: OPA | D34: Excelentísima | E34: =IF($J34="NO","",IF($M34="","",$M34)) -> VIP | F34: Kotkajarvi, Johanna | G34: Johanna | H34: Kotkajarvi | J34: PENDIENTE | K34: Embajadora de Finlandia en Chile | M34: VIP | N34: =IF($J34="NO","NO","SI") -> SI | O34: =IF($J34="SI","🟢",IF($J34="NO","🔴","🟡")) -> 🟡
A35: =ROW()-1 -> 34 | B35: =ROW()-1 -> 34 | C35: OPA | D35: Excelentísima | E35: =IF($J35="NO","",IF($M35="","",$M35)) -> VIP | F35: Biagiotti, Valeria | G35: Valeria | H35: Biagiotti | J35: PENDIENTE | K35: Embajadora de Italia en Chile | M35: VIP | N35: =IF($J35="NO","NO","SI") -> SI | O35: =IF($J35="SI","🟢",IF($J35="NO","🔴","🟡")) -> 🟡
A36: =ROW()-1 -> 35 | B36: =ROW()-1 -> 35 | C36: OPA | D36: Excelentísima | E36: =IF($J36="NO","",IF($M36="","",$M36)) | F36: Jae Kim, Hak | G36: Hak | H36: Jae Kim | J36: NO | K36: Embajadora de Corea en Chile | M36: VIP | N36: =IF($J36="NO","NO","SI") -> NO | O36: =IF($J36="SI","🟢",IF($J36="NO","🔴","🟡")) -> 🔴
A37: =ROW()-1 -> 36 | B37: =ROW()-1 -> 36 | C37: OPA | D37: Excelentísima | E37: =IF($J37="NO","",IF($M37="","",$M37)) -> VIP | F37: Moreno Rodriguez, Laura | G37: Laura | H37: Moreno | I37: Rodriguez | J37: PENDIENTE | K37: Embajadora de Mexico en Chile | M37: VIP | N37: =IF($J37="NO","NO","SI") -> SI | O37: =IF($J37="SI","🟢",IF($J37="NO","🔴","🟡")) -> 🟡
A38: =ROW()-1 -> 37 | B38: =ROW()-1 -> 37 | C38: OPA | D38: Excelentísima | E38: =IF($J38="NO","",IF($M38="","",$M38)) | F38: Faurie, Jorge | G38: Jorge | H38: Faurie | J38: NO | K38: Embajador de Argentina en Chile | M38: VIP | N38: =IF($J38="NO","NO","SI") -> NO | O38: =IF($J38="SI","🟢",IF($J38="NO","🔴","🟡")) -> 🔴
A39: =ROW()-1 -> 38 | B39: =ROW()-1 -> 38 | C39: OPA | D39: Excelentísima | E39: =IF($J39="NO","",IF($M39="","",$M39)) -> VIP | F39: Barrit Martin, Andrew James | G39: Andrew James | H39: Barrit | I39: Martin | J39: PENDIENTE | K39: Embajador de Australia en Chile | M39: VIP | N39: =IF($J39="NO","NO","SI") -> SI | O39: =IF($J39="SI","🟢",IF($J39="NO","🔴","🟡")) -> 🟡
A40: =ROW()-1 -> 39 | B40: =ROW()-1 -> 39 | C40: OPA | D40: Excelentísima | E40: =IF($J40="NO","",IF($M40="","",$M40)) -> VIP | F40: Rogeau, Cyrille | G40: Cyrille | H40: Rogeau | J40: SI | K40: Embajador de Francia en Chile | M40: VIP | N40: =IF($J40="NO","NO","SI") -> SI | O40: =IF($J40="SI","🟢",IF($J40="NO","🔴","🟡")) -> 🟢
A41: =ROW()-1 -> 40 | B41: =ROW()-1 -> 40 | C41: OPA | D41: Excelentísima | E41: =IF($J41="NO","",IF($M41="","",$M41)) | F41: Courtny, Daniela | G41: Daniela | H41: Rigoli | J41: NO | K41: Embajador de Nueva Zelandia en Chile | M41: VIP | N41: =IF($J41="NO","NO","SI") -> NO | O41: =IF($J41="SI","🟢",IF($J41="NO","🔴","🟡")) -> 🔴
A42: =ROW()-1 -> 41 | B42: =ROW()-1 -> 41 | C42: OPA | D42: Excelentísima | E42: =IF($J42="NO","",IF($M42="","",$M42)) -> VIP | F42: Ihsan Kiziltan, Ahmet | G42: Ahmet | H42: Ihsan | I42: Kiziltan | J42: SI | K42: Embajadora de Turquia en Chile | M42: VIP | N42: =IF($J42="NO","NO","SI") -> SI | O42: =IF($J42="SI","🟢",IF($J42="NO","🔴","🟡")) -> 🟢
A43: =ROW()-1 -> 42 | B43: =ROW()-1 -> 42 | C43: OPA | D43: Excelentísima | E43: =IF($J43="NO","",IF($M43="","",$M43)) | F43: Fries-gaier, Susanne | G43: Susanne | H43: Fries-gaier | J43: NO | K43: Embajadora de Alemania en Chile | M43: VIP | N43: =IF($J43="NO","NO","SI") -> NO | O43: =IF($J43="SI","🟢",IF($J43="NO","🔴","🟡")) -> 🔴
A44: =ROW()-1 -> 43 | B44: =ROW()-1 -> 43 | C44: OPA | D44: Excelentísima | E44: =IF($J44="NO","",IF($M44="","",$M44)) -> VIP | F44: Guanumen Parra, Sebastián | G44: Sebastián | H44: Guanumen | I44: Parra | J44: SI | K44: Embajador de Colombia en Chile | M44: VIP | N44: =IF($J44="NO","NO","SI") -> SI | O44: =IF($J44="SI","🟢",IF($J44="NO","🔴","🟡")) -> 🟢
A45: =ROW()-1 -> 44 | B45: =ROW()-1 -> 44 | C45: OPA | D45: Excelentísima | E45: =IF($J45="NO","",IF($M45="","",$M45)) -> VIP | F45: Guay Guay, Karolina Linda | G45: Karolina Linda | H45: Guay | I45: Guay | J45: SI | K45: Embajadora de Canadá en Chile | M45: VIP | N45: =IF($J45="NO","NO","SI") -> SI | O45: =IF($J45="SI","🟢",IF($J45="NO","🔴","🟡")) -> 🟢
A46: =ROW()-1 -> 45 | B46: =ROW()-1 -> 45 | C46: OPA | D46: Excelentísima | E46: =IF($J46="NO","",IF($M46="","",$M46)) -> VIP | F46: Pollen Nilsen, Per | G46: Per | H46: Pollen | I46: Nilsen | J46: PENDIENTE | K46: Embajador de Noruega en Chile | M46: VIP | N46: =IF($J46="NO","NO","SI") -> SI | O46: =IF($J46="SI","🟢",IF($J46="NO","🔴","🟡")) -> 🟡
A47: =ROW()-1 -> 46 | B47: =ROW()-1 -> 46 | C47: OPA | D47: Excelentísima | E47: =IF($J47="NO","",IF($M47="","",$M47)) -> VIP | F47: Rocanova Rodríguez, Ana Inés | G47: Ana Inés | H47: Rocanova | I47: Rodríguez | J47: PENDIENTE | K47: Embajadora de la República Oriental del Uruguay en Chile | M47: VIP | N47: =IF($J47="NO","NO","SI") -> SI | O47: =IF($J47="SI","🟢",IF($J47="NO","🔴","🟡")) -> 🟡
A48: =ROW()-1 -> 47 | B48: =ROW()-1 -> 47 | C48: OPA | D48: Excelentísima | E48: =IF($J48="NO","",IF($M48="","",$M48)) -> VIP | F48: Schaapveld E/v Merks, Elke | G48: Elke | H48: Schaapveld | I48: E/v Merks | J48: SI | K48: Embajadora de los Países Bajos en Chile | M48: VIP | N48: =IF($J48="NO","NO","SI") -> SI | O48: =IF($J48="SI","🟢",IF($J48="NO","🔴","🟡")) -> 🟢
A49: =ROW()-1 -> 48 | B49: =ROW()-1 -> 48 | C49: OPA | D49: Excelentísima | E49: =IF($J49="NO","",IF($M49="","",$M49)) -> VIP | F49: Andrade Abdo, Lotty Farah | G49: Lotty Farah | H49: Andrade | I49: Abdo | J49: PENDIENTE | K49: Embajadora de Ecuador en Chile | M49: VIP | N49: =IF($J49="NO","NO","SI") -> SI | O49: =IF($J49="SI","🟢",IF($J49="NO","🔴","🟡")) -> 🟡
A50: =ROW()-1 -> 49 | B50: =ROW()-1 -> 49 | C50: OPA | D50: Excelentísima | E50: =IF($J50="NO","",IF($M50="","",$M50)) -> VIP | F50: Camino Cannock, Peter | G50: Peter | H50: Camino | I50: Cannock | J50: PENDIENTE | K50: Embajador de Perú en Chile | M50: VIP | N50: =IF($J50="NO","NO","SI") -> SI | O50: =IF($J50="SI","🟢",IF($J50="NO","🔴","🟡")) -> 🟡
A51: =ROW()-1 -> 50 | B51: =ROW()-1 -> 50 | C51: OPA | D51: Excelentísima | E51: =IF($J51="NO","",IF($M51="","",$M51)) -> VIP | F51: Oroz Ulibarri, Laura | G51: Laura | H51: Oroz | I51: Ulibarri | J51: SI | K51: Embajadora de España en Chile | M51: VIP | N51: =IF($J51="NO","NO","SI") -> SI | O51: =IF($J51="SI","🟢",IF($J51="NO","🔴","🟡")) -> 🟢
A52: =ROW()-1 -> 51 | B52: =ROW()-1 -> 51 | C52: OPA | D52: Excelentísima | E52: =IF($J52="NO","",IF($M52="","",$M52)) -> VIP | F52: Sone, Kenko | G52: Sone | H52: Kenko | J52: SI | K52: Embajadora de Japón en Chile | M52: VIP | N52: =IF($J52="NO","NO","SI") -> SI | O52: =IF($J52="SI","🟢",IF($J52="NO","🔴","🟡")) -> 🟢
A53: =ROW()-1 -> 52 | B53: =ROW()-1 -> 52 | C53: OPA | D53: Excelentísima | E53: =IF($J53="NO","",IF($M53="","",$M53)) -> VIP | F53: Wiklund, Tomás | G53: Eva Sofia | H53: Karlberg | J53: PENDIENTE | K53: Embajador del Reino de Suecia en Chile | M53: VIP | N53: =IF($J53="NO","NO","SI") -> SI | O53: =IF($J53="SI","🟢",IF($J53="NO","🔴","🟡")) -> 🟡
A54: =ROW()-1 -> 53 | B54: =ROW()-1 -> 53 | C54: OPA | D54: Excelentísima | E54: =IF($J54="NO","",IF($M54="","",$M54)) | F54: Judd, Brandon | G54: Brandon | H54: Judd | J54: NO | K54: Embajador de Estados Unidos de América en Chile | M54: VIP | N54: =IF($J54="NO","NO","SI") -> NO | O54: =IF($J54="SI","🟢",IF($J54="NO","🔴","🟡")) -> 🔴
A55: =ROW()-1 -> 54 | B55: =ROW()-1 -> 54 | C55: OPA | D55: Excelentísima | E55: =IF($J55="NO","",IF($M55="","",$M55)) -> VIP | F55: Lewi, Peleg | G55: Peleg | H55: Lewi | J55: SI | K55: Embajadora de Israel en Chile | M55: VIP | N55: =IF($J55="NO","NO","SI") -> SI | O55: =IF($J55="SI","🟢",IF($J55="NO","🔴","🟡")) -> 🟢
A56: =ROW()-1 -> 55 | B56: =ROW()-1 -> 55 | C56: OPA | D56: Excelentísima | E56: =IF($J56="NO","",IF($M56="","",$M56)) -> VIP | F56: Concar, David | G56: David | H56: Concar | J56: PENDIENTE | K56: Embajador del Reino Unido de Gran Bretaña e Irlanda del Norte en Chile | M56: VIP | N56: =IF($J56="NO","NO","SI") -> SI | O56: =IF($J56="SI","🟢",IF($J56="NO","🔴","🟡")) -> 🟡
A57: =ROW()-1 -> 56 | B57: =ROW()-1 -> 56 | C57: OPA | D57: Almirante | E57: =IF($J57="NO","",IF($M57="","",$M57)) -> VIP | F57: Larrañaga Martin, Enrique | G57: Enrique | H57: Larrañaga | I57: Martin | J57: SI | K57: Ex - Comandante en Jefe de la Armada | M57: VIP | N57: =IF($J57="NO","NO","SI") -> SI | O57: =IF($J57="SI","🟢",IF($J57="NO","🔴","🟡")) -> 🟢
A58: =ROW()-1 -> 57 | B58: =ROW()-1 -> 57 | C58: OPA | D58: Almirante | E58: =IF($J58="NO","",IF($M58="","",$M58)) -> VIP | F58: Leiva Molina, Julio | G58: Julio | H58: Leiva | I58: Molina | J58: SI | K58: Ex - Comandante en Jefe de la Armada | M58: VIP | N58: =IF($J58="NO","NO","SI") -> SI | O58: =IF($J58="SI","🟢",IF($J58="NO","🔴","🟡")) -> 🟢
A59: =ROW()-1 -> 58 | B59: =ROW()-1 -> 58 | C59: OPA | D59: General | E59: =IF($J59="NO","",IF($M59="","",$M59)) -> VIP | F59: Varela Sabando, Pedro | G59: Pedro | H59: Varela | I59: Sabando | J59: SI | K59: *Comandante en Jefe del Ejército | M59: VIP | N59: =IF($J59="NO","NO","SI") -> SI | O59: =IF($J59="SI","🟢",IF($J59="NO","🔴","🟡")) -> 🟢
A60: =ROW()-1 -> 59 | B60: =ROW()-1 -> 59 | C60: OPA | D60: General | E60: =IF($J60="NO","",IF($M60="","",$M60)) -> VIP | F60: Rodríguez González, Hugo | G60: Máximo | H60: Venegas | I60: Raggio | J60: SI | K60: *Comandante en Jefe de la Fuerza Aérea de Chile (S) | M60: VIP | N60: =IF($J60="NO","NO","SI") -> SI | O60: =IF($J60="SI","🟢",IF($J60="NO","🔴","🟡")) -> 🟢
A61: =ROW()-1 -> 60 | B61: =ROW()-1 -> 60 | C61: OPA | D61: General Director | E61: =IF($J61="NO","",IF($M61="","",$M61)) -> VIP | F61: Araya Zapata, Marcelo | G61: Marcelo | H61: Araya | I61: Zapata | J61: SI | K61: *General Director de Carabineros de Chile | M61: VIP | N61: =IF($J61="NO","NO","SI") -> SI | O61: =IF($J61="SI","🟢",IF($J61="NO","🔴","🟡")) -> 🟢
A62: =ROW()-1 -> 61 | B62: =ROW()-1 -> 61 | C62: OPA | D62: Director General | E62: =IF($J62="NO","",IF($M62="","",$M62)) -> VIP | F62: Cerna Lozano, Eduardo | G62: Eduardo | H62: Cerna | I62: Lozano | J62: PENDIENTE | K62: *Director General de la Policía de Investigaciones de Chile | M62: VIP | N62: =IF($J62="NO","NO","SI") -> SI | O62: =IF($J62="SI","🟢",IF($J62="NO","🔴","🟡")) -> 🟡
A63: =ROW()-1 -> 62 | B63: =ROW()-1 -> 62 | C63: OPA | D63: Almirante | E63: =IF($J63="NO","",IF($M63="","",$M63)) | F63: Arancibia Reyes, Jorge Patricio | G63: Jorge Patricio | H63: Arancibia | I63: Reyes | J63: NO | K63: Ex - Comandante en Jefe de la Armada | M63: VIP | N63: =IF($J63="NO","NO","SI") -> NO | O63: =IF($J63="SI","🟢",IF($J63="NO","🔴","🟡")) -> 🔴
A64: =ROW()-1 -> 63 | B64: =ROW()-1 -> 63 | C64: OPA | D64: Almirante | E64: =IF($J64="NO","",IF($M64="","",$M64)) | F64: Vergara Villalobos, Miguel Ángel | G64: Miguel Ángel | H64: Vergara | I64: Villalobos | J64: NO | K64: Ex - Comandante en Jefe de la Armada | M64: VIP | N64: =IF($J64="NO","NO","SI") -> NO | O64: =IF($J64="SI","🟢",IF($J64="NO","🔴","🟡")) -> 🔴
A65: =ROW()-1 -> 64 | B65: =ROW()-1 -> 64 | C65: OPA | D65: Almirante | E65: =IF($J65="NO","",IF($M65="","",$M65)) -> VIP | F65: Codina Díaz, Rodolfo | G65: Rodolfo | H65: Codina | I65: Díaz | J65: PENDIENTE | K65: Ex - Comandante en Jefe de la Armada | M65: VIP | N65: =IF($J65="NO","NO","SI") -> SI | O65: =IF($J65="SI","🟢",IF($J65="NO","🔴","🟡")) -> 🟡
A66: =ROW()-1 -> 65 | B66: =ROW()-1 -> 65 | C66: OPA | D66: Almirante | E66: =IF($J66="NO","",IF($M66="","",$M66)) | F66: González Robles, Edmundo | G66: Edmundo | H66: González | I66: Robles | J66: NO | K66: Ex - Comandante en Jefe de la Armada | M66: VIP | N66: =IF($J66="NO","NO","SI") -> NO | O66: =IF($J66="SI","🟢",IF($J66="NO","🔴","🟡")) -> 🔴
A67: =ROW()-1 -> 66 | B67: =ROW()-1 -> 66 | C67: OPA | D67: Señora | E67: =IF($J67="NO","",IF($M67="","",$M67)) -> VIP | F67: Larrañaga Martin, Marcela | G67: Marcela | H67: Larrañaga | I67: Martin | J67: SI | K67: Madrina | M67: VIP | N67: =IF($J67="NO","NO","SI") -> SI | O67: =IF($J67="SI","🟢",IF($J67="NO","🔴","🟡")) -> 🟢
A68: =ROW()-1 -> 67 | B68: =ROW()-1 -> 67 | C68: OPA | D68: Almirante | E68: =IF($J68="NO","",IF($M68="","",$M68)) | F68: De la Maza Larraín, Juan Andrés | G68: Juan Andrés | H68: De la Maza | I68: Larraín | J68: NO | K68: Ex - Comandante en Jefe de la Armada | M68: VIP | N68: =IF($J68="NO","NO","SI") -> NO | O68: =IF($J68="SI","🟢",IF($J68="NO","🔴","🟡")) -> 🔴
... A134: =ROW()-1 -> 133 | B134: =ROW()-1 -> 133 | C134: OPA | D134: Vicealmirante | E134: =IF($J134="NO","",IF($M134="","",$M134)) -> LATERAL | F134: Navajas Santini, Ramiro | G134: Ramiro | H134: Navajas | I134: Santini | J134: SI | K134: DTS | M134: LATERAL | N134: =IF($J134="NO","NO","SI") -> SI | O134: =IF($J134="SI","🟢",IF($J134="NO","🔴","🟡")) -> 🟢
A135: =ROW()-1 -> 134 | B135: =ROW()-1 -> 134 | C135: OPA | E135: =IF($J135="NO","",IF($M135="","",$M135)) -> VIP | F135: Ugarte Millán, Catalina | G135: Catalina | H135: Ugarte | I135: Millán | J135: PENDIENTE | K135: Jefe Gabinete Precidencial | M135: VIP | N135: =IF($J135="NO","NO","SI") -> SI | O135: =IF($J135="SI","🟢",IF($J135="NO","🔴","🟡")) -> 🟡
A136: =ROW()-1 -> 135 | B136: =ROW()-1 -> 135 | C136: OPA | D136: Presidente | E136: =IF($J136="NO","",IF($M136="","",$M136)) -> VIP | F136: Mujica Castro, José Ignacio | G136: José Ignacio | H136: Mujica | I136: Castro | J136: PENDIENTE | K136: Vicepresidente Corfo | M136: VIP | N136: =IF($J136="NO","NO","SI") -> SI | O136: =IF($J136="SI","🟢",IF($J136="NO","🔴","🟡")) -> 🟡
A137: =ROW()-1 -> 136 | B137: =ROW()-1 -> 136 | C137: OPA | D137: Señor | E137: =IF($J137="NO","",IF($M137="","",$M137)) -> VIP | F137: Zapata González, Elizabeth | G137: Elizabeth | H137: Zapata | I137: González | J137: SI | K137: Directora Desarrollo Tecnológico Corfo y Directora Ejecutiva Comité de Construcción Naval | M137: VIP | N137: =IF($J137="NO","NO","SI") -> SI | O137: =IF($J137="SI","🟢",IF($J137="NO","🔴","🟡")) -> 🟢
A138: =ROW()-1 -> 137 | B138: =ROW()-1 -> 137 | C138: OPA | E138: =IF($J138="NO","",IF($M138="","",$M138)) -> VIP | F138: Browne Hurtado, Santiago | G138: Santiago | H138: Browne | I138: Hurtado | J138: SI | K138: Gerente de Asuntos Estratégicos (s) de Corfo | M138: VIP | N138: =IF($J138="NO","NO","SI") -> SI | O138: =IF($J138="SI","🟢",IF($J138="NO","🔴","🟡")) -> 🟢
A139: =ROW()-1 -> 138 | B139: =ROW()-1 -> 138 | C139: OPA | E139: =IF($J139="NO","",IF($M139="","",$M139)) | F139: Bustos, Óscar | G139: Óscar | H139: Bustos | J139: NO | K139: Jefe División de Desarrollo Tecnológico e Industria Consejo Directivo de Construcción Naval | M139: VIP | N139: =IF($J139="NO","NO","SI") -> NO | O139: =IF($J139="SI","🟢",IF($J139="NO","🔴","🟡")) -> 🔴
A140: =ROW()-1 -> 139 | B140: =ROW()-1 -> 139 | C140: OPA | E140: =IF($J140="NO","",IF($M140="","",$M140)) | F140: Carrasco, Patricio | G140: Patricio | H140: Carrasco | I140: Alvarez | J140: NO | K140: Jefe Depto. de Investigación Desarrollo e Innovación Consejo Directivo de Construcción Naval | M140: VIP | N140: =IF($J140="NO","NO","SI") -> NO | O140: =IF($J140="SI","🟢",IF($J140="NO","🔴","🟡")) -> 🔴
A141: =ROW()-1 -> 140 | B141: =ROW()-1 -> 140 | C141: OPA | E141: =IF($J141="NO","",IF($M141="","",$M141)) -> VIP | F141: Coronado, Carla | G141: Carla | H141: Coronado | J141: PENDIENTE | K141: Asesora Ministerio Consejo Directivo de Construcción Naval | M141: VIP | N141: =IF($J141="NO","NO","SI") -> SI | O141: =IF($J141="SI","🟢",IF($J141="NO","🔴","🟡")) -> 🟡
A142: =ROW()-1 -> 141 | B142: =ROW()-1 -> 141 | C142: OPA | E142: =IF($J142="NO","",IF($M142="","",$M142)) -> VIP | F142: Hentzschel, Fernando | G142: Fernando | H142: Hentzschel | J142: PENDIENTE | K142: Gerente de Capacidades Tecnológicas Consejo Directivo de Construcción Naval | M142: VIP | N142: =IF($J142="NO","NO","SI") -> SI | O142: =IF($J142="SI","🟢",IF($J142="NO","🔴","🟡")) -> 🟡
A143: =ROW()-1 -> 142 | B143: =ROW()-1 -> 142 | C143: OPA | D143: Presidente | E143: =IF($J143="NO","",IF($M143="","",$M143)) -> VIP | F143: Von Appen, Richard | G143: Richard | H143: Von Appen | I143: Lahres | J143: PENDIENTE | K143: Presidente Ultramar | M143: VIP | N143: =IF($J143="NO","NO","SI") -> SI | O143: =IF($J143="SI","🟢",IF($J143="NO","🔴","🟡")) -> 🟡
A144: =ROW()-1 -> 143 | B144: =ROW()-1 -> 143 | C144: OPA | E144: =IF($J144="NO","",IF($M144="","",$M144)) -> VIP | F144: Fernández Ruiz, Ignacio | G144: Ignacio | H144: Fernández | I144: Ruiz | J144: PENDIENTE | K144: Directror General de Prochile | M144: VIP | N144: =IF($J144="NO","NO","SI") -> SI | O144: =IF($J144="SI","🟢",IF($J144="NO","🔴","🟡")) -> 🟡
A145: =ROW()-1 -> 144 | B145: =ROW()-1 -> 144 | C145: OPA | D145: Señor | E145: =IF($J145="NO","",IF($M145="","",$M145)) | F145: Dettloff Beros, Carlos | G145: Carlos | H145: Dettloff | I145: Beros | J145: NO | K145: Director de Fronteras y Límites | M145: VIP | N145: =IF($J145="NO","NO","SI") -> NO | O145: =IF($J145="SI","🟢",IF($J145="NO","🔴","🟡")) -> 🔴
A146: =ROW()-1 -> 145 | B146: =ROW()-1 -> 145 | C146: OPA | E146: =IF($J146="NO","",IF($M146="","",$M146)) -> VIP | F146: Gómez, José Pablo | G146: José Pablo | H146: Gómez | J146: PENDIENTE | K146: Dirección de Presupuesto | M146: VIP | N146: =IF($J146="NO","NO","SI") -> SI | O146: =IF($J146="SI","🟢",IF($J146="NO","🔴","🟡")) -> 🟡
A147: =ROW()-1 -> 146 | B147: =ROW()-1 -> 146 | C147: OPA | D147: Señor | E147: =IF($J147="NO","",IF($M147="","",$M147)) -> VIP | F147: Llodrá Vial, José Ignacio | G147: José Ignacio | H147: Llodrá | I147: Vial | J147: PENDIENTE | K147: Subdirector de Racionalización y Función Pública | M147: VIP | N147: =IF($J147="NO","NO","SI") -> SI | O147: =IF($J147="SI","🟢",IF($J147="NO","🔴","🟡")) -> 🟡
A148: =ROW()-1 -> 147 | B148: =ROW()-1 -> 147 | C148: OPA | D148: Señor | E148: =IF($J148="NO","",IF($M148="","",$M148)) -> VIP | F148: López Lara, Andrés | G148: Andrés | H148: López | I148: Lara | J148: PENDIENTE | K148: Director Instituto Antártico Chileno | M148: VIP | N148: =IF($J148="NO","NO","SI") -> SI | O148: =IF($J148="SI","🟢",IF($J148="NO","🔴","🟡")) -> 🟡
A149: =ROW()-1 -> 148 | B149: =ROW()-1 -> 148 | C149: OPA | E149: =IF($J149="NO","",IF($M149="","",$M149)) | F149: Granifo, Pablo | G149: Pablo | H149: Granifo | J149: NO | K149: Banco Chile | M149: VIP | N149: =IF($J149="NO","NO","SI") -> NO | O149: =IF($J149="SI","🟢",IF($J149="NO","🔴","🟡")) -> 🔴
A150: =ROW()-1 -> 149 | B150: =ROW()-1 -> 149 | C150: OPA | E150: =IF($J150="NO","",IF($M150="","",$M150)) | F150: Ebensberger, Eduardo | G150: Eduardo | H150: Ebensberger | J150: NO | K150: Banco Chile | M150: VIP | N150: =IF($J150="NO","NO","SI") -> NO | O150: =IF($J150="SI","🟢",IF($J150="NO","🔴","🟡")) -> 🔴
A151: =ROW()-1 -> 150 | B151: =ROW()-1 -> 150 | C151: OPA | E151: =IF($J151="NO","",IF($M151="","",$M151)) | F151: Brancoli, Francisco | G151: Francisco | H151: Brancoli | J151: NO | K151: Banco Chile | M151: VIP | N151: =IF($J151="NO","NO","SI") -> NO | O151: =IF($J151="SI","🟢",IF($J151="NO","🔴","🟡")) -> 🔴
A152: =ROW()-1 -> 151 | B152: =ROW()-1 -> 151 | C152: OPA | E152: =IF($J152="NO","",IF($M152="","",$M152)) | F152: Yarur, Ignacio | G152: Ignacio | H152: Yarur | J152: NO | K152: Banco BCI | M152: VIP | N152: =IF($J152="NO","NO","SI") -> NO | O152: =IF($J152="SI","🟢",IF($J152="NO","🔴","🟡")) -> 🔴
A153: =ROW()-1 -> 152 | B153: =ROW()-1 -> 152 | C153: OPA | E153: =IF($J153="NO","",IF($M153="","",$M153)) -> VIP | F153: Trautmann, Andrés | G153: Andrés | H153: Trautmann | J153: PENDIENTE | K153: Banco Santander | M153: VIP | N153: =IF($J153="NO","NO","SI") -> SI | O153: =IF($J153="SI","🟢",IF($J153="NO","🔴","🟡")) -> 🟡
A154: =ROW()-1 -> 153 | B154: =ROW()-1 -> 153 | C154: OPA | D154: Ministro | E154: =IF($J154="NO","",IF($M154="","",$M154)) -> VIP | F154: Coopman Corral, Javier | G154: Javier | H154: Coopman | I154: Corral | J154: PENDIENTE | K154: Jefe Gabinete Ministro de Defensa | M154: VIP | N154: =IF($J154="NO","NO","SI") -> SI | O154: =IF($J154="SI","🟢",IF($J154="NO","🔴","🟡")) -> 🟡
A155: =ROW()-1 -> 154 | B155: =ROW()-1 -> 154 | C155: OPA | D155: Subsecretario | E155: =IF($J155="NO","",IF($M155="","",$M155)) -> VIP | F155: Carvajal Madariaga, Bárbara | G155: Bárbara | H155: Carvajal | I155: Madariaga | J155: PENDIENTE | K155: Jefa de Gabinete Subsecretario para las FF.AA. | M155: VIP | N155: =IF($J155="NO","NO","SI") -> SI | O155: =IF($J155="SI","🟢",IF($J155="NO","🔴","🟡")) -> 🟡
A156: =ROW()-1 -> 155 | B156: =ROW()-1 -> 155 | C156: OPA | D156: Subsecretario | E156: =IF($J156="NO","",IF($M156="","",$M156)) -> VIP | F156: Lira, Pablo | G156: Pablo | H156: Lira | J156: PENDIENTE | K156: Jefe Gabinete Subsecretario de Defensa | M156: VIP | N156: =IF($J156="NO","NO","SI") -> SI | O156: =IF($J156="SI","🟢",IF($J156="NO","🔴","🟡")) -> 🟡
A157: =ROW()-1 -> 156 | B157: =ROW()-1 -> 156 | C157: OPA | D157: Rector | E157: =IF($J157="NO","",IF($M157="","",$M157)) | F157: De la Llera Martin, Juan Carlos | G157: Juan Carlos | H157: De la Llera | I157: Martin | J157: NO | K157: Rector Puc | M157: VIP | N157: =IF($J157="NO","NO","SI") -> NO | O157: =IF($J157="SI","🟢",IF($J157="NO","🔴","🟡")) -> 🔴
A158: =ROW()-1 -> 157 | B158: =ROW()-1 -> 157 | C158: OPA | E158: =IF($J158="NO","",IF($M158="","",$M158)) -> VIP | F158: Irarrázabal Alfonso, Alejandro | G158: Alejandro | H158: Irarrázabal | I158: Alfonso | J158: PENDIENTE | K158: Jefe Asesor Presidencial | M158: VIP | N158: =IF($J158="NO","NO","SI") -> SI | O158: =IF($J158="SI","🟢",IF($J158="NO","🔴","🟡")) -> 🟡
A159: =ROW()-1 -> 158 | B159: =ROW()-1 -> 158 | C159: OPA | E159: =IF($J159="NO","",IF($M159="","",$M159)) -> VIP | F159: Leiva Larrañaga, Constanza | G159: Constanza | H159: Leiva | I159: Larrañaga | J159: SI | K159: T2 Rny | L159: Madrina | M159: VIP | N159: =IF($J159="NO","NO","SI") -> SI | O159: =IF($J159="SI","🟢",IF($J159="NO","🔴","🟡")) -> 🟢
A160: =ROW()-1 -> 159 | B160: =ROW()-1 -> 159 | C160: OPA | E160: =IF($J160="NO","",IF($M160="","",$M160)) -> VIP | F160: Leiva Larrañaga, Marcela Paz | G160: Marcela Paz | H160: Leiva | I160: Larrañaga | J160: SI | K160: Hija Madrina | L160: Madrina | M160: VIP | N160: =IF($J160="NO","NO","SI") -> SI | O160: =IF($J160="SI","🟢",IF($J160="NO","🔴","🟡")) -> 🟢
A161: =ROW()-1 -> 160 | B161: =ROW()-1 -> 160 | C161: OPA | E161: =IF($J161="NO","",IF($M161="","",$M161)) -> VIP | F161: Pérez Cruz, Matias | G161: Matias | H161: Pérez | I161: Cruz | J161: SI | K161: Gerenete Perezcruz | M161: VIP | N161: =IF($J161="NO","NO","SI") -> SI | O161: =IF($J161="SI","🟢",IF($J161="NO","🔴","🟡")) -> 🟢
A162: =ROW()-1 -> 161 | B162: =ROW()-1 -> 161 | C162: OPA | D162: Señora | E162: =IF($J162="NO","",IF($M162="","",$M162)) -> VIP | F162: Jeldes, Siria | G162: Siria | H162: Jeldes | J162: PENDIENTE | K162: Presidenta COOPEUCH | L162: Agregado al final OPA VIP | M162: VIP | N162: =IF($J162="NO","NO","SI") -> SI | O162: =IF($J162="SI","🟢",IF($J162="NO","🔴","🟡")) -> 🟡
A163: =ROW()-1 -> 162 | B163: =ROW()-1 -> 162 | C163: OPA | D163: Señor | E163: =IF($J163="NO","",IF($M163="","",$M163)) -> VIP | F163: Arriagada, Andrés | G163: Andrés | H163: Arriagada | J163: PENDIENTE | K163: Presidente Caja Los Andes | L163: Agregado al final OPA VIP | M163: VIP | N163: =IF($J163="NO","NO","SI") -> SI | O163: =IF($J163="SI","🟢",IF($J163="NO","🔴","🟡")) -> 🟡
A164: =ROW()-1 -> 163 | B164: =ROW()-1 -> 163 | C164: OPA | D164: Señor | E164: =IF($J164="NO","",IF($M164="","",$M164)) -> VIP | F164: Cornejo, Eugenio | G164: Eugenio | H164: Cornejo | J164: SI | K164: Presidente Mutual de Seguros de Chile | L164: Agregado al final OPA VIP | M164: VIP | N164: =IF($J164="NO","NO","SI") -> SI | O164: =IF($J164="SI","🟢",IF($J164="NO","🔴","🟡")) -> 🟢
A165: =ROW()-1 -> 164 | B165: =ROW()-1 -> 164 | C165: OPA | D165: Señor | E165: =IF($J165="NO","",IF($M165="","",$M165)) -> VIP | F165: Leiva Larrañaga, Vicente | G165: Vicente | H165: Leiva | I165: Larrañaga | J165: SI | K165: Hijo Madrina | L165: Madrina | M165: VIP | N165: =IF($J165="NO","NO","SI") -> SI | O165: =IF($J165="SI","🟢",IF($J165="NO","🔴","🟡")) -> 🟢
A166: =ROW()-1 -> 165 | B166: =ROW()-1 -> 165 | C166: OPA | E166: =IF($J166="NO","",IF($M166="","",$M166)) | F166: Jackson Zamora, Cyril | G166: Cyril | H166: Jackson | I166: Zamora | J166: PENDIENTE | K166: Jefmayor | N166: =IF($J166="NO","NO","SI") -> SI | O166: =IF($J166="SI","🟢",IF($J166="NO","🔴","🟡")) -> 🟡
A167: =ROW()-1 -> 166 | B167: =ROW()-1 -> 166 | C167: OPA | E167: =IF($J167="NO","",IF($M167="","",$M167)) | F167: Espinoza Martin, Rodrigo | G167: Rodrigo | H167: Espinoza | I167: Martin | J167: PENDIENTE | K167: Jefmayor | L167: Madrina | N167: =IF($J167="NO","NO","SI") -> SI | O167: =IF($J167="SI","🟢",IF($J167="NO","🔴","🟡")) -> 🟡
A168: =ROW()-1 -> 167 | B168: =ROW()-1 -> 167 | C168: OPA | D168: Señora | E168: =IF($J168="NO","",IF($M168="","",$M168)) -> VIP | F168: Quijada Pérez, Cecy Sirena | G168: Cecy Sirena | H168: Quijada | I168: Pérez | J168: SI | K168: Esposa Comandante en Jefe de la Armada de Perú-. | M168: VIP | N168: =IF($J168="NO","NO","SI") -> SI | O168: =IF($J168="SI","🟢",IF($J168="NO","🔴","🟡")) -> 🟢
A169: =ROW()-1 -> 168 | B169: =ROW()-1 -> 168 | C169: OPA | D169: Señor | E169: =IF($J169="NO","",IF($M169="","",$M169)) -> VIP | F169: Alcorta, Francisco | G169: Francisco | H169: Alcorta | J169: PENDIENTE | K169: Asesor politico estrategico MINDEF | M169: VIP | N169: =IF($J169="NO","NO","SI") -> SI | O169: =IF($J169="SI","🟢",IF($J169="NO","🔴","🟡")) -> 🟡
A170: =ROW()-1 -> 169 | B170: =ROW()-1 -> 169 | C170: OPA | D170: Señor | E170: =IF($J170="NO","",IF($M170="","",$M170)) | F170: Larrondo, José | G170: José | H170: Larrondo | J170: SI | K170: Director de Operaciones y Ventas FEMESA Chile | N170: =IF($J170="NO","NO","SI") -> SI | O170: =IF($J170="SI","🟢",IF($J170="NO","🔴","🟡")) -> 🟢
A171: =ROW()-1 -> 170 | B171: =ROW()-1 -> 170 | C171: OPA | D171: Señor | E171: =IF($J171="NO","",IF($M171="","",$M171)) | F171: Jerez, Sebastian | G171: Sebastian | H171: Jerez | J171: SI | K171: Gerente General Farmacia Cruz Verde | N171: =IF($J171="NO","NO","SI") -> SI | O171: =IF($J171="SI","🟢",IF($J171="NO","🔴","🟡")) -> 🟢
...

Sheet CONTROL ASISTENCIA
A1: CONTROL ASISTENCIA - GENERAL Y VIP
A3: Indicador | B3: Resultado | D3: Indicador VIP | E3: Resultado
A4: Total invitados | B4: =COUNTA(MAESTRO!$C$2:$C$706) -> 705 | D4: VIP total | E4: =COUNTIF(MAESTRO!$M$2:$M$706,"VIP") -> 349
A5: Confirmados SI | B5: =COUNTIF(MAESTRO!$J$2:$J$706,"SI") -> 290 | D5: VIP SI | E5: =COUNTIFS(MAESTRO!$M$2:$M$706,"VIP",MAESTRO!$J$2:$J$706,"SI") -> 129
A6: No asiste | B6: =COUNTIF(MAESTRO!$J$2:$J$706,"NO") -> 82 | D6: VIP NO | E6: =COUNTIFS(MAESTRO!$M$2:$M$706,"VIP",MAESTRO!$J$2:$J$706,"NO") -> 41
A7: Pendiente/Blanco | B7: =COUNTIF(MAESTRO!$J$2:$J$706,"PENDIENTE")+COUNTBLANK(MAESTRO!$J$2:$J$706) -> 333 | D7: VIP pendiente | E7: =COUNTIFS(MAESTRO!$M$2:$M$706,"VIP",MAESTRO!$J$2:$J$706,"PENDIENTE")+COUNTIFS(MAESTRO!$M$2:$M$706,"VIP",MAESTRO!$J$2:$J$706,"") -> 179
A8: Distribuye | B8: =COUNTIF(MAESTRO!$N$2:$N$706,"SI") -> 623 | D8: VIP distribuye | E8: =COUNTIFS(MAESTRO!$M$2:$M$706,"VIP",MAESTRO!$N$2:$N$706,"SI") -> 308
A11: FUENTE | B11: TOTAL | C11: SI | D11: NO | E11: PENDIENTE/BLANCO | F11: DISTRIBUYE | H11: TRIBUNA | I11: CAPACIDAD | J11: DISTRIBUYE | K11: DISPONIBLE
A12: OPA | B12: =COUNTIF(MAESTRO!$C$2:$C$706,A12) -> 173 | C12: =COUNTIFS(MAESTRO!$C$2:$C$706,A12,MAESTRO!$J$2:$J$706,"SI") -> 42 | D12: =COUNTIFS(MAESTRO!$C$2:$C$706,A12,MAESTRO!$J$2:$J$706,"NO") -> 40 | E12: =COUNTIFS(MAESTRO!$C$2:$C$706,A12,MAESTRO!$J$2:$J$706,"PENDIENTE")+COUNTIFS(MAESTRO!$C$2:$C$706,A12,MAESTRO!$J$2:$J$706,"") -> 91 | F12: =COUNTIFS(MAESTRO!$C$2:$C$706,A12,MAESTRO!$N$2:$N$706,"SI") -> 133 | H12: VIP | I12: 149 | J12: =COUNTIFS(MAESTRO!$M$2:$M$706,H12,MAESTRO!$N$2:$N$706,"SI") -> 308 | K12: =IF(I12="","",I12-J12) -> -159
A13: OPA/ASMAR | B13: =COUNTIF(MAESTRO!$C$2:$C$706,A13) -> 11 | C13: =COUNTIFS(MAESTRO!$C$2:$C$706,A13,MAESTRO!$J$2:$J$706,"SI") -> 6 | D13: =COUNTIFS(MAESTRO!$C$2:$C$706,A13,MAESTRO!$J$2:$J$706,"NO") -> 2 | E13: =COUNTIFS(MAESTRO!$C$2:$C$706,A13,MAESTRO!$J$2:$J$706,"PENDIENTE")+COUNTIFS(MAESTRO!$C$2:$C$706,A13,MAESTRO!$J$2:$J$706,"") -> 3 | F13: =COUNTIFS(MAESTRO!$C$2:$C$706,A13,MAESTRO!$N$2:$N$706,"SI") -> 9 | H13: LATERAL | J13: =COUNTIFS(MAESTRO!$M$2:$M$706,H13,MAESTRO!$N$2:$N$706,"SI") -> 307 | K13: =IF(I13="","",I13-J13)
A14: OPA/DGSA | B14: =COUNTIF(MAESTRO!$C$2:$C$706,A14) -> 8 | C14: =COUNTIFS(MAESTRO!$C$2:$C$706,A14,MAESTRO!$J$2:$J$706,"SI") -> 2 | D14: =COUNTIFS(MAESTRO!$C$2:$C$706,A14,MAESTRO!$J$2:$J$706,"NO") -> 0 | E14: =COUNTIFS(MAESTRO!$C$2:$C$706,A14,MAESTRO!$J$2:$J$706,"PENDIENTE")+COUNTIFS(MAESTRO!$C$2:$C$706,A14,MAESTRO!$J$2:$J$706,"") -> 6 | F14: =COUNTIFS(MAESTRO!$C$2:$C$706,A14,MAESTRO!$N$2:$N$706,"SI") -> 8
A15: OPA/CIVILES | B15: =COUNTIF(MAESTRO!$C$2:$C$706,A15) -> 12 | C15: =COUNTIFS(MAESTRO!$C$2:$C$706,A15,MAESTRO!$J$2:$J$706,"SI") -> 6 | D15: =COUNTIFS(MAESTRO!$C$2:$C$706,A15,MAESTRO!$J$2:$J$706,"NO") -> 0 | E15: =COUNTIFS(MAESTRO!$C$2:$C$706,A15,MAESTRO!$J$2:$J$706,"PENDIENTE")+COUNTIFS(MAESTRO!$C$2:$C$706,A15,MAESTRO!$J$2:$J$706,"") -> 6 | F15: =COUNTIFS(MAESTRO!$C$2:$C$706,A15,MAESTRO!$N$2:$N$706,"SI") -> 12
A16: OPA/MILITAR | B16: =COUNTIF(MAESTRO!$C$2:$C$706,A16) -> 23 | C16: =COUNTIFS(MAESTRO!$C$2:$C$706,A16,MAESTRO!$J$2:$J$706,"SI") -> 18 | D16: =COUNTIFS(MAESTRO!$C$2:$C$706,A16,MAESTRO!$J$2:$J$706,"NO") -> 0 | E16: =COUNTIFS(MAESTRO!$C$2:$C$706,A16,MAESTRO!$J$2:$J$706,"PENDIENTE")+COUNTIFS(MAESTRO!$C$2:$C$706,A16,MAESTRO!$J$2:$J$706,"") -> 5 | F16: =COUNTIFS(MAESTRO!$C$2:$C$706,A16,MAESTRO!$N$2:$N$706,"SI") -> 23
A17: ACADÉMICOS | B17: =COUNTIF(MAESTRO!$C$2:$C$706,A17) -> 23 | C17: =COUNTIFS(MAESTRO!$C$2:$C$706,A17,MAESTRO!$J$2:$J$706,"SI") -> 5 | D17: =COUNTIFS(MAESTRO!$C$2:$C$706,A17,MAESTRO!$J$2:$J$706,"NO") -> 1 | E17: =COUNTIFS(MAESTRO!$C$2:$C$706,A17,MAESTRO!$J$2:$J$706,"PENDIENTE")+COUNTIFS(MAESTRO!$C$2:$C$706,A17,MAESTRO!$J$2:$J$706,"") -> 17 | F17: =COUNTIFS(MAESTRO!$C$2:$C$706,A17,MAESTRO!$N$2:$N$706,"SI") -> 22
A18: MADRINA | B18: =COUNTIF(MAESTRO!$C$2:$C$706,A18) -> 28 | C18: =COUNTIFS(MAESTRO!$C$2:$C$706,A18,MAESTRO!$J$2:$J$706,"SI") -> 12 | D18: =COUNTIFS(MAESTRO!$C$2:$C$706,A18,MAESTRO!$J$2:$J$706,"NO") -> 9 | E18: =COUNTIFS(MAESTRO!$C$2:$C$706,A18,MAESTRO!$J$2:$J$706,"PENDIENTE")+COUNTIFS(MAESTRO!$C$2:$C$706,A18,MAESTRO!$J$2:$J$706,"") -> 7 | F18: =COUNTIFS(MAESTRO!$C$2:$C$706,A18,MAESTRO!$N$2:$N$706,"SI") -> 19
A19: INVITADOS DGSA | B19: =COUNTIF(MAESTRO!$C$2:$C$706,A19) -> 14 | C19: =COUNTIFS(MAESTRO!$C$2:$C$706,A19,MAESTRO!$J$2:$J$706,"SI") -> 0 | D19: =COUNTIFS(MAESTRO!$C$2:$C$706,A19,MAESTRO!$J$2:$J$706,"NO") -> 1 | E19: =COUNTIFS(MAESTRO!$C$2:$C$706,A19,MAESTRO!$J$2:$J$706,"PENDIENTE")+COUNTIFS(MAESTRO!$C$2:$C$706,A19,MAESTRO!$J$2:$J$706,"") -> 13 | F19: =COUNTIFS(MAESTRO!$C$2:$C$706,A19,MAESTRO!$N$2:$N$706,"SI") -> 13
A20: CIVILES | B20: =COUNTIF(MAESTRO!$C$2:$C$706,A20) -> 3 | C20: =COUNTIFS(MAESTRO!$C$2:$C$706,A20,MAESTRO!$J$2:$J$706,"SI") -> 1 | D20: =COUNTIFS(MAESTRO!$C$2:$C$706,A20,MAESTRO!$J$2:$J$706,"NO") -> 1 | E20: =COUNTIFS(MAESTRO!$C$2:$C$706,A20,MAESTRO!$J$2:$J$706,"PENDIENTE")+COUNTIFS(MAESTRO!$C$2:$C$706,A20,MAESTRO!$J$2:$J$706,"") -> 1 | F20: =COUNTIFS(MAESTRO!$C$2:$C$706,A20,MAESTRO!$N$2:$N$706,"SI") -> 2
A21: MILITARES | B21: =COUNTIF(MAESTRO!$C$2:$C$706,A21) -> 43 | C21: =COUNTIFS(MAESTRO!$C$2:$C$706,A21,MAESTRO!$J$2:$J$706,"SI") -> 15 | D21: =COUNTIFS(MAESTRO!$C$2:$C$706,A21,MAESTRO!$J$2:$J$706,"NO") -> 3 | E21: =COUNTIFS(MAESTRO!$C$2:$C$706,A21,MAESTRO!$J$2:$J$706,"PENDIENTE")+COUNTIFS(MAESTRO!$C$2:$C$706,A21,MAESTRO!$J$2:$J$706,"") -> 25 | F21: =COUNTIFS(MAESTRO!$C$2:$C$706,A21,MAESTRO!$N$2:$N$706,"SI") -> 40
A22: MANDOS SEZONA | B22: =COUNTIF(MAESTRO!$C$2:$C$706,A22) -> 44 | C22: =COUNTIFS(MAESTRO!$C$2:$C$706,A22,MAESTRO!$J$2:$J$706,"SI") -> 8 | D22: =COUNTIFS(MAESTRO!$C$2:$C$706,A22,MAESTRO!$J$2:$J$706,"NO") -> 0 | E22: =COUNTIFS(MAESTRO!$C$2:$C$706,A22,MAESTRO!$J$2:$J$706,"PENDIENTE")+COUNTIFS(MAESTRO!$C$2:$C$706,A22,MAESTRO!$J$2:$J$706,"") -> 36 | F22: =COUNTIFS(MAESTRO!$C$2:$C$706,A22,MAESTRO!$N$2:$N$706,"SI") -> 44
A23: PREMIADOS | B23: =COUNTIF(MAESTRO!$C$2:$C$706,A23) -> 8 | C23: =COUNTIFS(MAESTRO!$C$2:$C$706,A23,MAESTRO!$J$2:$J$706,"SI") -> 8 | D23: =COUNTIFS(MAESTRO!$C$2:$C$706,A23,MAESTRO!$J$2:$J$706,"NO") -> 0 | E23: =COUNTIFS(MAESTRO!$C$2:$C$706,A23,MAESTRO!$J$2:$J$706,"PENDIENTE")+COUNTIFS(MAESTRO!$C$2:$C$706,A23,MAESTRO!$J$2:$J$706,"") -> 0 | F23: =COUNTIFS(MAESTRO!$C$2:$C$706,A23,MAESTRO!$N$2:$N$706,"SI") -> 8
A24: INVITADOS ASMAR | B24: =COUNTIF(MAESTRO!$C$2:$C$706,A24) -> 117 | C24: =COUNTIFS(MAESTRO!$C$2:$C$706,A24,MAESTRO!$J$2:$J$706,"SI") -> 41 | D24: =COUNTIFS(MAESTRO!$C$2:$C$706,A24,MAESTRO!$J$2:$J$706,"NO") -> 13 | E24: =COUNTIFS(MAESTRO!$C$2:$C$706,A24,MAESTRO!$J$2:$J$706,"PENDIENTE")+COUNTIFS(MAESTRO!$C$2:$C$706,A24,MAESTRO!$J$2:$J$706,"") -> 63 | F24: =COUNTIFS(MAESTRO!$C$2:$C$706,A24,MAESTRO!$N$2:$N$706,"SI") -> 104
A25: PROVEEDORES | B25: =COUNTIF(MAESTRO!$C$2:$C$706,A25) -> 80 | C25: =COUNTIFS(MAESTRO!$C$2:$C$706,A25,MAESTRO!$J$2:$J$706,"SI") -> 37 | D25: =COUNTIFS(MAESTRO!$C$2:$C$706,A25,MAESTRO!$J$2:$J$706,"NO") -> 10 | E25: =COUNTIFS(MAESTRO!$C$2:$C$706,A25,MAESTRO!$J$2:$J$706,"PENDIENTE")+COUNTIFS(MAESTRO!$C$2:$C$706,A25,MAESTRO!$J$2:$J$706,"") -> 33 | F25: =COUNTIFS(MAESTRO!$C$2:$C$706,A25,MAESTRO!$N$2:$N$706,"SI") -> 70
... A30: ASMARMAG | B30: =COUNTIF(MAESTRO!$C$2:$C$706,A30) -> 8 | C30: =COUNTIFS(MAESTRO!$C$2:$C$706,A30,MAESTRO!$J$2:$J$706,"SI") -> 4 | D30: =COUNTIFS(MAESTRO!$C$2:$C$706,A30,MAESTRO!$J$2:$J$706,"NO") -> 0 | E30: =COUNTIFS(MAESTRO!$C$2:$C$706,A30,MAESTRO!$J$2:$J$706,"PENDIENTE")+COUNTIFS(MAESTRO!$C$2:$C$706,A30,MAESTRO!$J$2:$J$706,"") -> 4 | F30: =COUNTIFS(MAESTRO!$C$2:$C$706,A30,MAESTRO!$N$2:$N$706,"SI") -> 8

Sheet DISTRIBUCION VIP
A1: DISTRIBUCIÓN VIP - 149 ASIENTOS / CENTRO PROTOCOLAR A21
A3: Centro protocolar | B3: A21 | C3: Capacidad VIP | D3: 149 | E3: Criterio | F3: Precedencia alternada derecha/izquierda
A4: Distribuidos | B4: =COUNTA('DISTRIBUCION VIP'!$A$20:$A$168) -> 149 | C4: Sin asignar | D4: =COUNTA('SIN ASIGNAR'!$A$2:$A$160) -> 159 | E4: Observación | F4: Fila D centro reservada según plano
A6: PLANO VISUAL
A7: PLANO VIP 149 ASIENTOS
A8: Separación: módulos laterales 550 mm / módulo central 600 mm. Centro protocolar: A21.
A9: FILA | B9: 1 | C9: 2 | D9: 3 | E9: 4 | F9: 5 | G9: 6 | H9: 7 | I9: 8 | J9: 9 | K9: 10 | L9: 11 | M9: 12 | N9: 13 | O9: 14 | P9: 15 | Q9: 16 | R9: 17 | S9: 18 | T9: 19 | U9: 20 | V9: 21 | W9: 22 | X9: 23 | Y9: 24 | Z9: 25 | AA9: 26 | AB9: 27 | AC9: 28 | AD9: 29 | AE9: 30 | AF9: 31 | AG9: 32 | AH9: 33 | AI9: 34 | AJ9: 35 | AK9: 36 | AL9: 37 | AM9: 38 | AN9: 39 | AO9: 40 | AP9: 41
A10: FILA A | B10: A1 (58) Varela Pedro | C10: A2 (56) Larrañaga Enrique | D10: A3 (54) Lewi Peleg | E10: A4 (51) Kenko Sone | F10: A5 (49) Camino Peter | G10: A6 (47) Schaapveld Elke | H10: A7 (45) Pollen Per | I10: A8 (43) Guanumen Sebastián | J10: A9 (39) Rogeau Cyrille | K10: A10 (36) Moreno Laura | L10: A11 (33) Kotkajarvi Johanna | M10: A12 (31) Soares Paulo | N10: A13 (28) Fernández Maya | O10: A14 (23) Rincón Ximena | P10: A15 (16) Alvarado Claudio | Q10: A16 (12) Frei Eduardo | R10: A17 (10) Bachelet Michelle | S10: A18 (6) Morel María | T10: A19 (4) Cabrera Fernando | U10: A20 (2) Adriasola María | V10: A21 (1) Kast José | W10: A22 (3) Barros Fernando | X10: A23 (5) Mery Roxana | Y10: A24 (9) Boric Gabriel | Z10: A25 (11) Lagos Ricardo | AA10: A26 (15) Valencia Ángel | AB10: A27 (22) Parot Catalina | AC10: A28 (25) Undurruga Francisco | AD10: A29 (29) Delpiano Adriana | AE10: A30 (32) Qingbao Niu | AF10: A31 (34) Biagiotti Valeria | AG10: A32 (38) Barrit Andrew | AH10: A33 (41) Ihsan Ahmet | AI10: A34 (44) Guay Karolina | AJ10: A35 (46) Rocanova Ana | AK10: A36 (48) Andrade Lotty | AL10: A37 (50) Oroz Laura | AM10: A38 (52) Karlberg Eva | AN10: A39 (55) Concar David | AO10: A40 (57) Leiva Julio | AP10: A41 (59) Venegas Máximo
A11: FILA B | B11: B1 (109) Veloso Consuelo | C11: B2 (107) Schalper Diego | D11: B3 (104) Montalva José | E11: B4 (101) Briones Patricio | F11: B5 (99) Zamora Sebastián | G11: B6 (97) Sánchez Luis | H11: B7 (95) Olivares Javier | I11: B8 (93) Leiva Raúl | J11: B9 (91) Cuadrado Carlos | K11: B10 (88) Barraza Marcos | L11: B11 (86) Carvajal Loreto | M11: B12 (84) De Urresti Alfonso | N11: B13 (82) Keitel Sebastián | O11: B14 (79) Cicardini Daniella | P11: B15 (77) Edwards Rojo | Q11: B16 (74) Flores Camila | R11: B17 (71) Anativia Julio | S11: B18 (69) Giacaman Sergio | T11: B19 (66) Larrañaga Marcela | U11: B20 (61) Cerna Eduardo | V11: B21 (60) Araya Marcelo | W11: B22 (64) Codina Rodolfo | X11: B23 (68) Romanini Leonardo | Y11: B24 (70) Flies Jorge | Z11: B25 (73) Araya Pedro | AA11: B26 (75) Saavedra Gastón | AB11: B27 (78) Celis Ricardo | AC11: B28 (81) Ossandón Manuel | AD11: B29 (83) Van Rysselberghe Enrique | AE11: B30 (85) Sanhueza Gustavo | AF11: B31 (87) Carter Álvaro | AG11: B32 (90) Brito Jorge | AH11: B33 (92) Kast Tomás | AI11: B34 (94) Marowski Hans | AJ11: B35 (96) Sabat Omar | AK11: B36 (98) Valenzuela Daniel | AL11: B37 (100) Manouchehri Daniel | AM11: B38 (103) Martínez Cristóbal | AN11: B39 (105) Neira Cristian | AO11: B40 (108) Serrano Daniela | AP11: B41 (110) Winter Gonzalo
A12: FILA C | B12: C1 (163) Cornejo Eugenio | C12: C2 (161) Jeldes Siria | D12: C3 (159) Leiva Marcela | E12: C4 (157) Irarrázabal Alejandro | F12: C5 (154) Carvajal Bárbara | G12: C6 (152) Trautmann Andrés | H12: C7 (146) Llodrá José | I12: C8 (143) Fernández Ignacio | J12: C9 (141) Hentzschel Fernando | K12: C10 (137) Browne Santiago | L12: C11 (135) Mujica José | M12: C12 (131) Cacho Julio | N12: C13 (127) Rodríguez Juan | O12: C14 (125) Álvarez Rodrigo | P12: C15 (123) Weisse Flor | Q12: C16 (120) Pérez Joanna | R12: C17 (118) Rivas José | S12: C18 (116) Ortíz Álvaro | T12: C19 (114) Charpentier Paz | U12: C20 (112) Arroyo Roberto | V12: C21 (111) Yeomans Gael | W12: C22 (113) Bobadilla Sergio | X12: C23 (115) Muñoz Francesca | Y12: C24 (117) Pérez Marlene | Z12: C25 (119) Betancurt Lilian | AA12: C26 (122) Urruticoechea Cristóbal | AB12: C27 (124) Torres Patricio | AC12: C28 (126) Bolívar Christian | AD12: C29 (130) Araos Rafael | AE12: C30 (134) Ugarte Catalina | AF12: C31 (136) Zapata Elizabeth | AG12: C32 (140) Coronado Carla | AH12: C33 (142) Von Appen Richard | AI12: C34 (145) Gómez José | AJ12: C35 (147) López Andrés | AK12: C36 (153) Coopman Javier | AL12: C37 (155) Lira Pablo | AM12: C38 (158) Leiva Constanza | AN12: C39 (160) Pérez Matias | AO12: C40 (162) Arriagada Andrés | AP12: C41 (164) Leiva Vicente
A13: FILA D | B13: D1 (197) Wainraight Rodrigo | C13: D2 (195) Saavedra Eduardo | D13: D3 (193) Muñoz Héctor | E13: D4 (191) Reveco Jeannette | F13: D5 (189) Cabrera Rafael | G13: D6 (187) Bunster Claudio | H13: D7 (185) Pires Jorge | I13: D8 (183) Cleveland Henry | J13: D9 (181) Farren Mario | K13: D10 (178) Ramirez Pedro | L13: D11 (175) Recabarren Vladimir | M13: D12 (173) Pérez Constanza | N13: D13 (167) Quijada Cecy | O13: CAMARÓGRAFOS | P13: CAMARÓGRAFOS | Q13: CAMARÓGRAFOS | R13: CAMARÓGRAFOS | S13: CAMARÓGRAFOS | T13: CAMARÓGRAFOS | U13: CAMARÓGRAFOS | V13: CAMARÓGRAFOS | W13: CAMARÓGRAFOS | X13: CAMARÓGRAFOS | Y13: CAMARÓGRAFOS | Z13: CAMARÓGRAFOS | AA13: CAMARÓGRAFOS | AB13: CAMARÓGRAFOS | AC13: CAMARÓGRAFOS | AD13: D29 (168) Alcorta Francisco | AE13: D30 (174) Jarpa José | AF13: D31 (177) Piña José | AG13: D32 (180) Ruf Ronald | AH13: D33 (182) Ampuero Katherine | AI13: D34 (184) Vera Álvaro | AJ13: D35 (186) Costa Joao | AK13: D36 (188) Casassa Gino | AL13: D37 (190) Candia Eduardo | AM13: D38 (192) Stange Miguel | AN13: D39 (194) Rivera Miguel | AO13: D40 (196) Amtmann Carla | AP13: D41 (198) Nieto Camila
A15: Leyenda | B15: Verde: SI | C15: Amarillo: PENDIENTE | D15: Gris: Camarógrafos
A18: LISTADO PROTOCOLAR VIP | J18: PROTOCOLO EJECUTIVO
A19: Asiento | B19: Fila | C19: Silla | D19: Precedencia | E19: Nombre Completo | F19: Tratamiento | G19: Cargo | H19: AST. | J19: Asiento | K19: Precedencia | L19: Nombre | M19: Cargo
A20: A21 | B20: A | C20: 21 | D20: 1 | E20: Kast Rist, José Antonio | F20: Su Excelencia | G20: * Presidente de la República | H20: SI | J20: A21 | K20: 1 | L20: Kast Rist, José Antonio | M20: * Presidente de la República
A21: A20 | B21: A | C21: 20 | D21: 2 | E21: Adriasola Barroihet, María Pía | F21: Primera Dama | G21: Esposa del Presidente de la República | H21: PENDIENTE | J21: A20 | K21: 2 | L21: Adriasola Barroihet, María Pía | M21: Esposa del Presidente de la República
A22: A22 | B22: A | C22: 22 | D22: 3 | E22: Barros Tocornal, Fernando | F22: Ministro | G22: *Ministro de Defensa Nacional | H22: SI | J22: A22 | K22: 3 | L22: Barros Tocornal, Fernando | M22: *Ministro de Defensa Nacional
A23: A19 | B23: A | C23: 19 | D23: 4 | E23: Cabrera Salazar, Fernando | F23: Almirante | G23: *Comandante en Jefe de la Armada | H23: SI | J23: A19 | K23: 4 | L23: Cabrera Salazar, Fernando | M23: *Comandante en Jefe de la Armada
A24: A23 | B24: A | C24: 23 | D24: 5 | E24: Mery, Roxana | F24: Señora | G24: Esposa del Comandante en Jefe de la Armada | H24: SI | J24: A23 | K24: 5 | L24: Mery, Roxana | M24: Esposa del Comandante en Jefe de la Armada
A25: A18 | B25: A | C25: 18 | D25: 6 | E25: Morel Montes, María Cecilia | F25: Señora | G25: Ex - Primera Dama | H25: PENDIENTE | J25: A18 | K25: 6 | L25: Morel Montes, María Cecilia | M25: Ex - Primera Dama
A26: A24 | B26: A | C26: 24 | D26: 9 | E26: Boric Font, Gabriel | F26: Su Excelencia | G26: Ex Presidente de la República | H26: PENDIENTE | J26: A24 | K26: 9 | L26: Boric Font, Gabriel | M26: Ex Presidente de la República
A27: A17 | B27: A | C27: 17 | D27: 10 | E27: Bachelet Jeria, Michelle | G27: Ex Presidenta de la República | H27: PENDIENTE | J27: A17 | K27: 10 | L27: Bachelet Jeria, Michelle | M27: Ex Presidenta de la República
A28: A25 | B28: A | C28: 25 | D28: 11 | E28: Lagos Escobar, Ricardo | F28: Su Excelencia | G28: Ex Presidente de la República | H28: PENDIENTE | J28: A25 | K28: 11 | L28: Lagos Escobar, Ricardo | M28: Ex Presidente de la República
A29: A16 | B29: A | C29: 16 | D29: 12 | E29: Frei Ruiz-tagle, Eduardo | F29: Su Excelencia | G29: Ex Presidente de la República | H29: PENDIENTE | J29: A16 | K29: 12 | L29: Frei Ruiz-tagle, Eduardo | M29: Ex Presidente de la República
A30: A26 | B30: A | C30: 26 | D30: 15 | E30: Valencia Vásquez, Ángel | F30: Fiscal | G30: Fiscal Nacional del Ministerio Público | H30: PENDIENTE | J30: A26 | K30: 15 | L30: Valencia Vásquez, Ángel | M30: Fiscal Nacional del Ministerio Público
A31: A15 | B31: A | C31: 15 | D31: 16 | E31: Alvarado Andrade, Claudio | F31: Ministro | G31: Biministro del Interior y Secretario General de Gobierno | H31: PENDIENTE | J31: A15 | K31: 16 | L31: Alvarado Andrade, Claudio | M31: Biministro del Interior y Secretario General de Gobierno
A32: A27 | B32: A | C32: 27 | D32: 22 | E32: Parot Donoso, Catalina | F32: Ministro | G32: Ministra de Bienes Nacionales | H32: PENDIENTE | J32: A27 | K32: 22 | L32: Parot Donoso, Catalina | M32: Ministra de Bienes Nacionales
A33: A14 | B33: A | C33: 14 | D33: 23 | E33: Rincón González, Ximena | F33: Ministro | G33: Ministra de Energía | H33: PENDIENTE | J33: A14 | K33: 23 | L33: Rincón González, Ximena | M33: Ministra de Energía
A34: A28 | B34: A | C34: 28 | D34: 25 | E34: Undurruga Gazitúa, Francisco | F34: Ministro | G34: Ministro de las Culturas, las Artes y el Patrimonio | H34: PENDIENTE | J34: A28 | K34: 25 | L34: Undurruga Gazitúa, Francisco | M34: Ministro de las Culturas, las Artes y el Patrimonio
A35: A13 | B35: A | C35: 13 | D35: 28 | E35: Fernández Allende, Maya | F35: Ministro | G35: Ex Ministra de Defensa Nacional | H35: PENDIENTE | J35: A13 | K35: 28 | L35: Fernández Allende, Maya | M35: Ex Ministra de Defensa Nacional
A36: A29 | B36: A | C36: 29 | D36: 29 | E36: Delpiano Puelma, Adriana | F36: Ministro | G36: Ex Ministra de Defensa Nacional | H36: PENDIENTE | J36: A29 | K36: 29 | L36: Delpiano Puelma, Adriana | M36: Ex Ministra de Defensa Nacional
A37: A12 | B37: A | C37: 12 | D37: 31 | E37: Soares Pacheco, Paulo | F37: Excelentísima | G37: Embajador de Brasil en Chile | H37: PENDIENTE | J37: A12 | K37: 31 | L37: Soares Pacheco, Paulo | M37: Embajador de Brasil en Chile
A38: A30 | B38: A | C38: 30 | D38: 32 | E38: Qingbao, Niu | F38: Excelentísima | G38: Embajador de la República Popular China en Chile | H38: PENDIENTE | J38: A30 | K38: 32 | L38: Qingbao, Niu | M38: Embajador de la República Popular China en Chile
A39: A11 | B39: A | C39: 11 | D39: 33 | E39: Kotkajarvi, Johanna | F39: Excelentísima | G39: Embajadora de Finlandia en Chile | H39: PENDIENTE | J39: A11 | K39: 33 | L39: Kotkajarvi, Johanna | M39: Embajadora de Finlandia en Chile
... A119: C12 | B119: C | C119: 12 | D119: 131 | E119: Cacho Morán, Julio | F119: Vicealmirante | G119: *Jefe del Estado Mayor de la Armada de Perú | H119: SI | J119: C12 | K119: 131 | L119: Cacho Morán, Julio | M119: *Jefe del Estado Mayor de la Armada de Perú
A120: C30 | B120: C | C120: 30 | D120: 134 | E120: Ugarte Millán, Catalina | G120: Jefe Gabinete Precidencial | H120: PENDIENTE | J120: C30 | K120: 134 | L120: Ugarte Millán, Catalina | M120: Jefe Gabinete Precidencial
A121: C11 | B121: C | C121: 11 | D121: 135 | E121: Mujica Castro, José Ignacio | F121: Presidente | G121: Vicepresidente Corfo | H121: PENDIENTE | J121: C11 | K121: 135 | L121: Mujica Castro, José Ignacio | M121: Vicepresidente Corfo
A122: C31 | B122: C | C122: 31 | D122: 136 | E122: Zapata González, Elizabeth | F122: Señor | G122: Directora Desarrollo Tecnológico Corfo y Directora Ejecutiva Comité de Construcción Naval | H122: SI | J122: C31 | K122: 136 | L122: Zapata González, Elizabeth | M122: Directora Desarrollo Tecnológico Corfo y Directora Ejecutiva Comité de Construcción Naval
A123: C10 | B123: C | C123: 10 | D123: 137 | E123: Browne Hurtado, Santiago | G123: Gerente de Asuntos Estratégicos (s) de Corfo | H123: SI | J123: C10 | K123: 137 | L123: Browne Hurtado, Santiago | M123: Gerente de Asuntos Estratégicos (s) de Corfo
A124: C32 | B124: C | C124: 32 | D124: 140 | E124: Coronado, Carla | G124: Asesora Ministerio Consejo Directivo de Construcción Naval | H124: PENDIENTE | J124: C32 | K124: 140 | L124: Coronado, Carla | M124: Asesora Ministerio Consejo Directivo de Construcción Naval
A125: C9 | B125: C | C125: 9 | D125: 141 | E125: Hentzschel, Fernando | G125: Gerente de Capacidades Tecnológicas Consejo Directivo de Construcción Naval | H125: PENDIENTE | J125: C9 | K125: 141 | L125: Hentzschel, Fernando | M125: Gerente de Capacidades Tecnológicas Consejo Directivo de Construcción Naval
A126: C33 | B126: C | C126: 33 | D126: 142 | E126: Von Appen, Richard | F126: Presidente | G126: Presidente Ultramar | H126: PENDIENTE | J126: C33 | K126: 142 | L126: Von Appen, Richard | M126: Presidente Ultramar
A127: C8 | B127: C | C127: 8 | D127: 143 | E127: Fernández Ruiz, Ignacio | G127: Directror General de Prochile | H127: PENDIENTE | J127: C8 | K127: 143 | L127: Fernández Ruiz, Ignacio | M127: Directror General de Prochile
A128: C34 | B128: C | C128: 34 | D128: 145 | E128: Gómez, José Pablo | G128: Dirección de Presupuesto | H128: PENDIENTE | J128: C34 | K128: 145 | L128: Gómez, José Pablo | M128: Dirección de Presupuesto
A129: C7 | B129: C | C129: 7 | D129: 146 | E129: Llodrá Vial, José Ignacio | F129: Señor | G129: Subdirector de Racionalización y Función Pública | H129: PENDIENTE | J129: C7 | K129: 146 | L129: Llodrá Vial, José Ignacio | M129: Subdirector de Racionalización y Función Pública
A130: C35 | B130: C | C130: 35 | D130: 147 | E130: López Lara, Andrés | F130: Señor | G130: Director Instituto Antártico Chileno | H130: PENDIENTE | J130: C35 | K130: 147 | L130: López Lara, Andrés | M130: Director Instituto Antártico Chileno
A131: C6 | B131: C | C131: 6 | D131: 152 | E131: Trautmann, Andrés | G131: Banco Santander | H131: PENDIENTE | J131: C6 | K131: 152 | L131: Trautmann, Andrés | M131: Banco Santander
A132: C36 | B132: C | C132: 36 | D132: 153 | E132: Coopman Corral, Javier | F132: Ministro | G132: Jefe Gabinete Ministro de Defensa | H132: PENDIENTE | J132: C36 | K132: 153 | L132: Coopman Corral, Javier | M132: Jefe Gabinete Ministro de Defensa
A133: C5 | B133: C | C133: 5 | D133: 154 | E133: Carvajal Madariaga, Bárbara | F133: Subsecretario | G133: Jefa de Gabinete Subsecretario para las FF.AA. | H133: PENDIENTE | J133: C5 | K133: 154 | L133: Carvajal Madariaga, Bárbara | M133: Jefa de Gabinete Subsecretario para las FF.AA.
A134: C37 | B134: C | C134: 37 | D134: 155 | E134: Lira, Pablo | F134: Subsecretario | G134: Jefe Gabinete Subsecretario de Defensa | H134: PENDIENTE | J134: C37 | K134: 155 | L134: Lira, Pablo | M134: Jefe Gabinete Subsecretario de Defensa
A135: C4 | B135: C | C135: 4 | D135: 157 | E135: Irarrázabal Alfonso, Alejandro | G135: Jefe Asesor Presidencial | H135: PENDIENTE | J135: C4 | K135: 157 | L135: Irarrázabal Alfonso, Alejandro | M135: Jefe Asesor Presidencial
A136: C38 | B136: C | C136: 38 | D136: 158 | E136: Leiva Larrañaga, Constanza | G136: T2 Rny | H136: SI | J136: C38 | K136: 158 | L136: Leiva Larrañaga, Constanza | M136: T2 Rny
A137: C3 | B137: C | C137: 3 | D137: 159 | E137: Leiva Larrañaga, Marcela Paz | G137: Hija Madrina | H137: SI | J137: C3 | K137: 159 | L137: Leiva Larrañaga, Marcela Paz | M137: Hija Madrina
A138: C39 | B138: C | C138: 39 | D138: 160 | E138: Pérez Cruz, Matias | G138: Gerenete Perezcruz | H138: SI | J138: C39 | K138: 160 | L138: Pérez Cruz, Matias | M138: Gerenete Perezcruz
A139: C2 | B139: C | C139: 2 | D139: 161 | E139: Jeldes, Siria | F139: Señora | G139: Presidenta COOPEUCH | H139: PENDIENTE | J139: C2 | K139: 161 | L139: Jeldes, Siria | M139: Presidenta COOPEUCH
A140: C40 | B140: C | C140: 40 | D140: 162 | E140: Arriagada, Andrés | F140: Señor | G140: Presidente Caja Los Andes | H140: PENDIENTE | J140: C40 | K140: 162 | L140: Arriagada, Andrés | M140: Presidente Caja Los Andes
A141: C1 | B141: C | C141: 1 | D141: 163 | E141: Cornejo, Eugenio | F141: Señor | G141: Presidente Mutual de Seguros de Chile | H141: SI | J141: C1 | K141: 163 | L141: Cornejo, Eugenio | M141: Presidente Mutual de Seguros de Chile
A142: C41 | B142: C | C142: 41 | D142: 164 | E142: Leiva Larrañaga, Vicente | F142: Señor | G142: Hijo Madrina | H142: SI | J142: C41 | K142: 164 | L142: Leiva Larrañaga, Vicente | M142: Hijo Madrina
A143: D13 | B143: D | C143: 13 | D143: 167 | E143: Quijada Pérez, Cecy Sirena | F143: Señora | G143: Esposa Comandante en Jefe de la Armada de Perú-. | H143: SI | J143: D13 | K143: 167 | L143: Quijada Pérez, Cecy Sirena | M143: Esposa Comandante en Jefe de la Armada de Perú-.
A144: D29 | B144: D | C144: 29 | D144: 168 | E144: Alcorta, Francisco | F144: Señor | G144: Asesor politico estrategico MINDEF | H144: PENDIENTE | J144: D29 | K144: 168 | L144: Alcorta, Francisco | M144: Asesor politico estrategico MINDEF
A145: D12 | B145: D | C145: 12 | D145: 173 | E145: Pérez, Constanza | F145: Señora | G145: Asesora Económica MINDEF | H145: PENDIENTE | J145: D12 | K145: 173 | L145: Pérez, Constanza | M145: Asesora Económica MINDEF
A146: D30 | B146: D | C146: 30 | D146: 174 | E146: Jarpa Parada, José Fernando | F146: Capitán de Navío RL | G146: Jefe del Servicio Religioso de la Armada | H146: SI | J146: D30 | K146: 174 | L146: Jarpa Parada, José Fernando | M146: Jefe del Servicio Religioso de la Armada
A147: D11 | B147: D | C147: 11 | D147: 175 | E147: Recabarren Esparza, Vladimir | F147: Capelllán Evangélico | G147: Capellán Nacional Evangélico de la Armada | H147: SI | J147: D11 | K147: 175 | L147: Recabarren Esparza, Vladimir | M147: Capellán Nacional Evangélico de la Armada
A148: D31 | B148: D | C148: 31 | D148: 177 | E148: Piña Faúndez, José Eduardo | F148: Seremi | G148: Seremi Obras Públicas | H148: PENDIENTE | J148: D31 | K148: 177 | L148: Piña Faúndez, José Eduardo | M148: Seremi Obras Públicas
A149: D10 | B149: D | C149: 10 | D149: 178 | E149: Ramirez Glade, Pedro | F149: Seremi | G149: Seremi de Ciencia, Tecnologías, Conocimidento e Innovación | H149: SI | J149: D10 | K149: 178 | L149: Ramirez Glade, Pedro | M149: Seremi de Ciencia, Tecnologías, Conocimidento e Innovación
A150: D32 | B150: D | C150: 32 | D150: 180 | E150: Ruf Wilkomirsky, Ronald | F150: Seremi | G150: Seremi de Hacienda | H150: SI | J150: D32 | K150: 180 | L150: Ruf Wilkomirsky, Ronald | M150: Seremi de Hacienda
... A168: D41 | B168: D | C168: 41 | D168: 198 | E168: Nieto Hernández, Camila | F168: Alcalde | G168: Alcaldesa de Valparaíso | H168: PENDIENTE | J168: D41 | K168: 198 | L168: Nieto Hernández, Camila | M168: Alcaldesa de Valparaíso

Sheet SIN ASIGNAR
A1: N° | B1: Precedencia | C1: Fuente | D1: Tratamiento | E1: Tribuna | F1: Nombre Completo | G1: AST. | H1: Cargo | I1: Motivo
A2: 199 | B2: 199 | C2: OPA/CIVILES | D2: Alcalde | E2: VIP | F2: Radonich Jiménez, Claudio | G2: PENDIENTE | H2: Alcalde de Punta Arenas | I2: SIN CAPACIDAD VIP 149
A3: 200 | B3: 200 | C3: OPA/CIVILES | D3: Rector | E3: VIP | F3: Tapia Almonacid, María Soledad | G3: SI | H3: Director Nacional Servicio Nacional de Pesca y Acuicultura SERNAPESCA | I3: SIN CAPACIDAD VIP 149
A4: 201 | B4: 201 | C4: OPA/CIVILES | D4: Presidente | E4: VIP | F4: Zavala Fernández, Pablo | G4: SI | H4: Presidente de la Ilustrísima Corte de Apelaciones de Concepción | I4: SIN CAPACIDAD VIP 149
A5: 202 | B5: 202 | C5: OPA/CIVILES | E5: VIP | F5: Cartagena Ramos, Marcela | G5: PENDIENTE | H5: Fiscal Regional de Concepción | I5: SIN CAPACIDAD VIP 149
A6: 203 | B6: 203 | C6: OPA/CIVILES | E6: VIP | F6: Henriquez Gonzalez, Víctor | G6: PENDIENTE | H6: Contralor Regional Bio Bio | I6: SIN CAPACIDAD VIP 149
A7: 204 | B7: 204 | C7: OPA/CIVILES | E7: VIP | F7: Chamorro Contreras, Claudia | G7: SI | H7: Jefe VIII Región Policial Bío Bío | I7: SIN CAPACIDAD VIP 149
A8: 205 | B8: 205 | C8: OPA/MILITAR | D8: General | E8: VIP | F8: Miccono Villablanca, Renzo | G8: SI | H8: Jefe VIII Zona de Carabineros BIOBÍO | I8: SIN CAPACIDAD VIP 149
A9: 206 | B9: 206 | C9: OPA/MILITAR | D9: General de División | E9: VIP | F9: Muñoz de la Puente, Carlos | G9: PENDIENTE | H9: Comandante de Operaciones Terrestres (COT Ejército) | I9: SIN CAPACIDAD VIP 149
A10: 207 | B10: 207 | C10: OPA/MILITAR | D10: Vicealmirante | E10: VIP | F10: Zamorano Goñi, Raúl | G10: SI | H10: Jefe del Estado Mayor General de la Armada | I10: SIN CAPACIDAD VIP 149
A11: 208 | B11: 208 | C11: OPA/MILITAR | D11: Vicealmirante | E11: VIP | F11: Arenas Menares, Mauricio | G11: SI | H11: Directo General del Personal de la Armada | I11: SIN CAPACIDAD VIP 149
A12: 209 | B12: 209 | C12: OPA/MILITAR | D12: Vicealmirante | E12: VIP | F12: Delgado Boffil, César | G12: SI | H12: Director General de los Servicios de la Armada | I12: SIN CAPACIDAD VIP 149
A13: 210 | B13: 210 | C13: OPA/MILITAR | D13: Vicealmirante | E13: VIP | F13: Oxley Lizana, Arturo | G13: SI | H13: Director General del Territorio Marítimo y de Marina Mercante | I13: SIN CAPACIDAD VIP 149
A14: 211 | B14: 211 | C14: OPA/MILITAR | D14: Vicealmirante | E14: VIP | F14: Marín Fernández, Juan Pablo | G14: SI | H14: Subjefe del Estado Mayor Conjunto | I14: SIN CAPACIDAD VIP 149
A15: 212 | B15: 212 | C15: OPA/MILITAR | D15: Vicealmirante | E15: VIP | F15: Muñoz Miranda, Daniel | G15: SI | H15: *Comandante de Operaciones Navales | I15: SIN CAPACIDAD VIP 149
A16: 213 | B16: 213 | C16: OPA/MILITAR | D16: Contraalmirante | E16: VIP | F16: Hernández Jacir, José Miguel | G16: SI | H16: Director de Astilleros y Maestranzas de la Armada | I16: SIN CAPACIDAD VIP 149
A17: 214 | B17: 214 | C17: OPA/MILITAR | D17: Contraalmirante | E17: VIP | G17: SI | H17: Director de Recuperaciones de Unidades de la Armada | I17: SIN CAPACIDAD VIP 149
A18: 215 | B18: 215 | C18: OPA/MILITAR | D18: Contraalmirante | E18: VIP | F18: Pájaro Márquez, José Agustín | G18: SI | H18: Director de Operaciones del Estado Mayor General de la Armada | I18: SIN CAPACIDAD VIP 149
A19: 216 | B19: 216 | C19: OPA/MILITAR | D19: Contraalmirante | E19: VIP | F19: Acevedo Pérez, Edgardo | G19: SI | H19: *Comandante en Jefe de la Segunda Zona Naval | I19: SIN CAPACIDAD VIP 149
A20: 217 | B20: 217 | C20: OPA/MILITAR | D20: Contraalmirante | E20: VIP | F20: Saelzer Concha, Federico | G20: SI | H20: *Comandante en Jefe de la Fuerza de Submarinos | I20: SIN CAPACIDAD VIP 149
A21: 218 | B21: 218 | C21: OPA/MILITAR | D21: Contraalmirante IM | E21: VIP | F21: Opazo Riquelme, Daniel | G21: SI | H21: *Comandante General del Cuerpo de Infantería de Marina | I21: SIN CAPACIDAD VIP 149
A22: 219 | B22: 219 | C22: OPA/MILITAR | D22: Contraalmirante | E22: VIP | F22: Guerrero García, Alberto | G22: PENDIENTE | H22: Director de Programas, Investigación y Desarrollo de la Armada | I22: SIN CAPACIDAD VIP 149
A23: 220 | B23: 220 | C23: OPA/MILITAR | D23: Contraalmirante | E23: VIP | F23: Muñoz Cabrera, Claudio | G23: SI | H23: Contralor de la Armada | I23: SIN CAPACIDAD VIP 149
A24: 221 | B24: 221 | C24: OPA/MILITAR | D24: Contraalmirante AB | E24: VIP | G24: SI | H24: Director de finanzaas de la Armada. | I24: SIN CAPACIDAD VIP 149
A25: 222 | B25: 222 | C25: OPA/MILITAR | D25: Contraalmirante | E25: VIP | F25: Torres Horton, Alejandro | G25: SI | H25: SUBMAYOR Consejo Superior ASMAR | I25: SIN CAPACIDAD VIP 149
A26: 223 | B26: 223 | C26: OPA/MILITAR | D26: Contraalmirante | E26: VIP | F26: Mendez Tapia, Juan Cristobal | G26: PENDIENTE | H26: DIRISNAV Consejo Superior ASMAR | I26: SIN CAPACIDAD VIP 149
A27: 224 | B27: 224 | C27: OPA/MILITAR | D27: Comodoro | E27: VIP | F27: Valenzuea Azócar, Rene | G27: SI | H27: Secretario General de la Armada | I27: SIN CAPACIDAD VIP 149
A28: 225 | B28: 225 | C28: OPA/MILITAR | D28: Comodoro AB | E28: VIP | F28: Vidal Berrocal, Jorge | G28: SI | H28: DABA Consejo Superior ASMAR | I28: SIN CAPACIDAD VIP 149
A29: 226 | B29: 226 | C29: OPA/MILITAR | D29: General de Brigada | E29: VIP | F29: Espinoza Villalobos, Luis | G29: PENDIENTE | H29: Representante Ejército Consejo Superior ASMAR | I29: SIN CAPACIDAD VIP 149
A30: 227 | B30: 227 | C30: OPA/MILITAR | D30: General de Brigada Aérea | E30: VIP | F30: Cárcamo Barrientos, Alan | G30: PENDIENTE | H30: Representante FACH Consejo Superior ASMAR | I30: SIN CAPACIDAD VIP 149
A31: 228 | B31: 228 | C31: ACADÉMICOS | D31: Señor | E31: VIP | G31: SI | H31: Director Universidad Técnica Federico Santa María Sede Concepción | I31: SIN CAPACIDAD VIP 149
A32: 229 | B32: 229 | C32: ACADÉMICOS | D32: Rector | E32: VIP | G32: PENDIENTE | H32: Director de Vinculacion con el Medio Sede Concepción. Universidad Técnica Federico Santa María | I32: SIN CAPACIDAD VIP 149
A33: 230 | B33: 230 | C33: ACADÉMICOS | D33: Rector | E33: VIP | G33: PENDIENTE | H33: Director DUOC UC Sede San Andrés de Concepción | I33: SIN CAPACIDAD VIP 149
A34: 231 | B34: 231 | C34: ACADÉMICOS | D34: Rector | E34: VIP | G34: PENDIENTE | H34: Director Universidad Austral de Chile | I34: SIN CAPACIDAD VIP 149
A35: 232 | B35: 232 | C35: ACADÉMICOS | D35: Rector | E35: VIP | G35: PENDIENTE | H35: Rector Universidad Austral | I35: SIN CAPACIDAD VIP 149
A36: 234 | B36: 234 | C36: ACADÉMICOS | D36: Rector | E36: VIP | G36: PENDIENTE | H36: Rector Universidad de Concepción | I36: SIN CAPACIDAD VIP 149
A37: 235 | B37: 235 | C37: ACADÉMICOS | D37: Rector | E37: VIP | G37: PENDIENTE | H37: Vicerrectora Investigación y Desarrollo Universidad de Concepción | I37: SIN CAPACIDAD VIP 149
A38: 236 | B38: 236 | C38: ACADÉMICOS | D38: Rector | E38: VIP | G38: PENDIENTE | H38: Rector Universidad del Bío-Bío | I38: SIN CAPACIDAD VIP 149
A39: 237 | B39: 237 | C39: ACADÉMICOS | D39: Rector | E39: VIP | G39: PENDIENTE | H39: Rector Universidad Santo Tomás | I39: SIN CAPACIDAD VIP 149
A40: 238 | B40: 238 | C40: ACADÉMICOS | D40: Rector | E40: VIP | G40: PENDIENTE | H40: Rector U.D.D. Sede Concepción | I40: SIN CAPACIDAD VIP 149
A41: 240 | B41: 240 | C41: ACADÉMICOS | D41: Señor | E41: VIP | G41: SI | H41: Director Vinculación con el Medio UDD | I41: SIN CAPACIDAD VIP 149
A42: 241 | B42: 241 | C42: ACADÉMICOS | D42: Rector | E42: VIP | G42: PENDIENTE | H42: Rector Universidad Católica de la Santísima Concepción | I42: SIN CAPACIDAD VIP 149
... A48: 251 | B48: 251 | C48: MADRINA | D48: Presidente | E48: VIP | G48: PENDIENTE | H48: Presidente ICARE | I48: SIN CAPACIDAD VIP 149
A49: 252 | B49: 252 | C49: MADRINA | E49: VIP | G49: PENDIENTE | H49: Vicepresidenta ICARE | I49: SIN CAPACIDAD VIP 149
A50: 253 | B50: 253 | C50: MADRINA | D50: Rector | E50: VIP | G50: PENDIENTE | H50: Director Tesorero ICARE | I50: SIN CAPACIDAD VIP 149
A51: 279 | B51: 279 | C51: INVITADOS DGSA | D51: Rector | E51: VIP | G51: PENDIENTE | H51: Director General de Obras Públicas | I51: SIN CAPACIDAD VIP 149
A52: 282 | B52: 282 | C52: INVITADOS DGSA | D52: Capitán de Fragata | E52: VIP | G52: PENDIENTE | H52: MFG PoN Program Office representative Armada de Portugal | I52: SIN CAPACIDAD VIP 149
A53: 289 | B53: 289 | C53: INVITADOS DGSA | E53: VIP | G53: PENDIENTE | H53: Gerente General Puerto Huachipato | I53: SIN CAPACIDAD VIP 149
A54: 293 | B54: 293 | C54: CIVILES | D54: Señor | E54: VIP | G54: SI | H54: Director de Desarrrollo e Innovación Universidad Austral | I54: SIN CAPACIDAD VIP 149
A55: 298 | B55: 298 | C55: MILITARES | D55: Capitán de Navío | E55: VIP | G55: PENDIENTE | H55: Comandante del Comando Anfibio y de Transportes Navales | I55: SIN CAPACIDAD VIP 149
A56: 306 | B56: 306 | C56: MILITARES | D56: Capitán de Navío | E56: VIP | G56: SI | H56: Edecán SEPRE | I56: SIN CAPACIDAD VIP 149
A57: 307 | B57: 307 | C57: MILITARES | D57: Capitán de Fragata | E57: VIP | G57: SI | H57: AYUDORALM | I57: SIN CAPACIDAD VIP 149
A58: 308 | B58: 308 | C58: MILITARES | D58: Capitán de Fragata | E58: VIP | G58: SI | H58: Ayudor MINDEF | I58: SIN CAPACIDAD VIP 149
A59: 309 | B59: 309 | C59: MILITARES | E59: VIP | G59: PENDIENTE | H59: Ayudor VA peruano | I59: SIN CAPACIDAD VIP 149
A60: 330 | B60: 330 | C60: MILITARES | D60: Contraalmirante | E60: VIP | G60: PENDIENTE | H60: Agregado Naval de México | I60: SIN CAPACIDAD VIP 149
A61: 392 | B61: 392 | C61: INVITADOS ASMAR | D61: Señora | E61: VIP | G61: SI | H61: Consul Países Bajos Concepción | I61: SIN CAPACIDAD VIP 149
A62: 393 | B62: 393 | C62: INVITADOS ASMAR | D62: Presidente | E62: VIP | G62: PENDIENTE | H62: Presidente del Consejo Nacional de Innovación para el Desarrollo (CNID) | I62: SIN CAPACIDAD VIP 149
A63: 394 | B63: 394 | C63: INVITADOS ASMAR | E63: VIP | G63: PENDIENTE | H63: Gerente General Corporativo ASIMET A.G. | I63: SIN CAPACIDAD VIP 149
A64: 395 | B64: 395 | C64: INVITADOS ASMAR | D64: Presidente | E64: VIP | G64: PENDIENTE | H64: Presidente ASIMET A.G. | I64: SIN CAPACIDAD VIP 149
A65: 399 | B65: 399 | C65: INVITADOS ASMAR | D65: BANCOS | E65: VIP | G65: SI | H65: Gerente Sucursal Las Salinas de Banco Edwards | I65: SIN CAPACIDAD VIP 149
A66: 409 | B66: 409 | C66: INVITADOS ASMAR | D66: BANCOS | E66: VIP | G66: PENDIENTE | H66: Vicepresidente Banco BICE | I66: SIN CAPACIDAD VIP 149
A67: 412 | B67: 412 | C67: INVITADOS ASMAR | D67: BANCOS | E67: VIP | G67: SI | H67: Gerente Regional Grandes Empresas Banco BCI | I67: SIN CAPACIDAD VIP 149
A68: 422 | B68: 422 | C68: INVITADOS ASMAR | D68: SEGUROS | E68: VIP | G68: PENDIENTE | H68: Gerente General Lockton Seguros | I68: SIN CAPACIDAD VIP 149
A69: 424 | B69: 424 | C69: INVITADOS ASMAR | D69: SEGUROS | E69: VIP | G69: SI | H69: Gerente General Mutual de Seguros de Chile | I69: SIN CAPACIDAD VIP 149
A70: 428 | B70: 428 | C70: INVITADOS ASMAR | E70: VIP | G70: PENDIENTE | H70: Gerente General en ARMASUR A.G. | I70: SIN CAPACIDAD VIP 149
A71: 432 | B71: 432 | C71: INVITADOS ASMAR | D71: Presidente | E71: VIP | G71: PENDIENTE | H71: Presidente METRO | I71: SIN CAPACIDAD VIP 149
A72: 435 | B72: 435 | C72: INVITADOS ASMAR | D72: Rector | E72: VIP | G72: PENDIENTE | H72: Presidente Directorio EFE | I72: SIN CAPACIDAD VIP 149
A73: 436 | B73: 436 | C73: INVITADOS ASMAR | D73: Rector | E73: VIP | G73: PENDIENTE | H73: Presidente Directorio EFE Sur | I73: SIN CAPACIDAD VIP 149
A74: 439 | B74: 439 | C74: INVITADOS ASMAR | E74: VIP | G74: PENDIENTE | H74: ASCON | I74: SIN CAPACIDAD VIP 149
A75: 440 | B75: 440 | C75: INVITADOS ASMAR | E75: VIP | G75: PENDIENTE | H75: ASCON | I75: SIN CAPACIDAD VIP 149
A76: 441 | B76: 441 | C76: INVITADOS ASMAR | D76: Señora | E76: VIP | G76: SI | H76: Comité CORFO - Presidenta Sindicato ASMAR | I76: SIN CAPACIDAD VIP 149
A77: 450 | B77: 450 | C77: INVITADOS ASMAR | D77: Contraalmirante | E77: VIP | G77: SI | H77: Ex Gerente Corporativo de Construcción Naval | I77: SIN CAPACIDAD VIP 149
A78: 463 | B78: 463 | C78: INVITADOS ASMAR | D78: Señor | E78: VIP | G78: SI | H78: Invitado Especial Director ASMAR | I78: SIN CAPACIDAD VIP 149
A79: 464 | B79: 464 | C79: INVITADOS ASMAR | D79: Señor | E79: VIP | G79: SI | H79: Invitado Especial Director ASMAR | I79: SIN CAPACIDAD VIP 149
A80: 465 | B80: 465 | C80: INVITADOS ASMAR | D80: Vicealmirante | E80: VIP | G80: SI | H80: Invitado Especial Director ASMAR | I80: SIN CAPACIDAD VIP 149
A81: 468 | B81: 468 | C81: INVITADOS ASMAR | D81: Vicealmirante | E81: VIP | G81: PENDIENTE | H81: Invitado Especial Director ASMAR | I81: SIN CAPACIDAD VIP 149
A82: 469 | B82: 469 | C82: INVITADOS ASMAR | D82: Vicealmirante | E82: VIP | G82: PENDIENTE | H82: Invitado Especial Director ASMAR | I82: SIN CAPACIDAD VIP 149
A83: 472 | B83: 472 | C83: INVITADOS ASMAR | D83: Contraalmirante | E83: VIP | G83: SI | H83: Invitado Especial Director ASMAR | I83: SIN CAPACIDAD VIP 149
A84: 476 | B84: 476 | C84: INVITADOS ASMAR | E84: VIP | G84: PENDIENTE | H84: Gerente General ESSBIO | I84: SIN CAPACIDAD VIP 149
A85: 477 | B85: 477 | C85: INVITADOS ASMAR | E85: VIP | G85: PENDIENTE | H85: Gerente Zonal ESSBIO | I85: SIN CAPACIDAD VIP 149
A86: 478 | B86: 478 | C86: INVITADOS ASMAR | E86: VIP | G86: PENDIENTE | H86: Vicepresidenta CIDERE Biobio | I86: SIN CAPACIDAD VIP 149
A87: 479 | B87: 479 | C87: INVITADOS ASMAR | E87: VIP | G87: PENDIENTE | H87: Gerente General CIDERE | I87: SIN CAPACIDAD VIP 149
A88: 480 | B88: 480 | C88: INVITADOS ASMAR | D88: Señor | E88: VIP | G88: SI | H88: Presidente IRADE | I88: SIN CAPACIDAD VIP 149
A89: 481 | B89: 481 | C89: INVITADOS ASMAR | D89: Señora | E89: VIP | G89: SI | H89: Gerente General IRADE | I89: SIN CAPACIDAD VIP 149
A90: 483 | B90: 483 | C90: INVITADOS ASMAR | D90: Rector | E90: VIP | G90: PENDIENTE | H90: Directora Ejecutiva (s) CORFO BioBio | I90: SIN CAPACIDAD VIP 149
A91: 495 | B91: 495 | C91: INVITADOS ASMAR | D91: Señor | E91: VIP | G91: SI | H91: CEO GL Events Chile | I91: SIN CAPACIDAD VIP 149
A92: 496 | B92: 496 | C92: INVITADOS ASMAR | D92: Capitán de Fragata (R) | E92: VIP | G92: SI | H92: Director de Relaciones Institucionales y Desarrollo de Negocios GL Events Chile | I92: SIN CAPACIDAD VIP 149
A93: 498 | B93: 498 | C93: INVITADOS ASMAR | D93: Rector | E93: VIP | G93: PENDIENTE | H93: Director Regional CGE | I93: SIN CAPACIDAD VIP 149
A94: 504 | B94: 504 | C94: INVITADOS ASMAR | D94: Rector | E94: VIP | G94: PENDIENTE | H94: Presidente Directorio ENEL Chile | I94: SIN CAPACIDAD VIP 149
A95: 505 | B95: 505 | C95: INVITADOS ASMAR | E95: VIP | G95: PENDIENTE | H95: Gerente General ENEL Chile | I95: SIN CAPACIDAD VIP 149
A96: 507 | B96: 507 | C96: INVITADOS ASMAR | E96: VIP | G96: PENDIENTE | H96: Gerente General de ENERGY ASSET | I96: SIN CAPACIDAD VIP 149
A97: 508 | B97: 508 | C97: PROVEEDORES | D97: Rector | E97: VIP | G97: PENDIENTE | H97: Presidente Directorio ASENAV | I97: SIN CAPACIDAD VIP 149
A98: 509 | B98: 509 | C98: PROVEEDORES | E98: VIP | G98: PENDIENTE | H98: Gerente General ASENAV | I98: SIN CAPACIDAD VIP 149
A99: 513 | B99: 513 | C99: PROVEEDORES | D99: Capitán de Navío (R) | E99: VIP | G99: PENDIENTE | H99: Gerente General SISDEF | I99: SIN CAPACIDAD VIP 149
A100: 521 | B100: 521 | C100: PROVEEDORES | D100: Señor | E100: VIP | G100: SI | H100: Gerente General Sociedad Comercial Equipos Industriales S.A. INDUELECTRO | I100: SIN CAPACIDAD VIP 149
A101: 522 | B101: 522 | C101: PROVEEDORES | E101: VIP | G101: PENDIENTE | H101: Subgerente General Sociedad Comercial Equipos Industriales S.A. INDUELECTRO | I101: SIN CAPACIDAD VIP 149
A102: 524 | B102: 524 | C102: PROVEEDORES | E102: VIP | G102: SI | H102: Gerente General CODELPA S.A. | I102: SIN CAPACIDAD VIP 149
A103: 525 | B103: 525 | C103: PROVEEDORES | E103: VIP | G103: SI | H103: Gerente General PROINGAS S.A. | I103: SIN CAPACIDAD VIP 149
A104: 527 | B104: 527 | C104: PROVEEDORES | D104: Rector | E104: VIP | G104: SI | H104: Director General IBERCISA DECK Machinery S.A. | I104: SIN CAPACIDAD VIP 149
A105: 529 | B105: 529 | C105: PROVEEDORES | D105: Capitán de Navío (R) | E105: VIP | G105: SI | H105: Gerente General SOCIBER | I105: SIN CAPACIDAD VIP 149
...

Sheet LISTAS
A1: LISTAS Y PARÁMETROS
A3: ASISTENCIA | C3: FUENTES | E3: TRIBUNAS | G3: TRATAMIENTOS
A4: SI | C4: OPA | E4: VIP | G4: Su Excelencia
A5: NO | C5: OPA/ASMAR | E5: LATERAL | G5: Primera Dama
A6: PENDIENTE | C6: OPA/DGSA | G6: Ministro
C7: OPA/CIVILES | G7: Almirante
C8: OPA/MILITAR | G8: Señora
C9: ACADÉMICOS | G9: Honorable Senador
C10: MADRINA | G10: Honorable Diputado
C11: INVITADOS DGSA | G11: Presidente
C12: CIVILES | G12: Contralora
C13: MILITARES | G13: Fiscal
C14: MANDOS SEZONA | G14: Excelentísima
C15: PREMIADOS | G15: General
C16: INVITADOS ASMAR | G16: General Director
C17: PROVEEDORES | G17: Director General
C18: ASMAR | G18: Gobernador
... C22: ASMARMAG | G22: Señor
G23: Rector
G24: Selor
G25: Capitán de Navío RL
G26: Capelllán Evangélico
G27: Seremi
G28: Bancos
G29: Finanzas
G30: General de Brigada
G31: Contraalmirante
G32: General de División
G33: General del Aire
G34: Alcalde
... G71: Almte.
